 Dungeon Crawl Stone Soup version 0.21.1-1-g345015f (webtiles) character file.

470680 Monsterracer the Wrestler (level 23, -1/242 (243) HPs)
             Began as a Centaur Chaos Knight on June 2, 2018.
             Killed from afar by a deep elf annihilator (38 damage)
             ... with a bolt of lightning
             ... on level 3 of the Elven Halls.
             The game lasted 02:16:54 (60262 turns).

Monsterracer the Wrestler (Centaur Chaos Knight)   Turns: 60262, Time: 02:16:54

HP:   -1/242 (243)  AC: 39    Str: 28    XL:     23   Next: 78%
MP:   36/36         EV:  9    Int: 17    God:    Xom [..*...]
Gold: 2203          SH: 28    Dex:  9    Spells: 8/40 levels left

rFire    + + +     SeeInvis .     - Unarmed
rCold    + + .     Gourm    .   B - +5 large shield {AC+3}
rNeg     . . .     Faith    .   z - quicksilver dragon scales
rPois    +         Spirit   .   I - +2 hat
rElec    .         Reflect  +   L - +2 cloak {MR+}
rCorr    .         Harm     .   D - +2 pair of gloves of Jimos {Str+3}
MR       ++++.                  E - +4 centaur barding {rC+}
Stlth    +.........             o - +4 amulet of reflection
HPRegen  0.50/turn              h - ring "Saolew" {Wiz MR+ Str+3}
MPRegen  0.25/turn              V - ring "Caonut" {*Drain rF+++ rC+ Slay+2 Stlth+, =R}

@: mighty, about to teleport, very quick
A: large, hooves 3, slimy green scales 1, yellow scales 1, clumsy 1, deformed
body, speed 2, mutation resistance 1, poison resistance, robust 2, screaming 1,
tough skin 3, no potion heal 1
}: 1/15 runes: barnacled
a: Renounce Religion


You were on level 3 of the Elven Halls.
You worshipped Xom.
You were a toy of Xom.
You were not hungry.

You visited 10 branches of the dungeon, and saw 44 of its levels.

You collected 5977 gold pieces.
You spent 3774 gold pieces at shops.

Inventory:

Missiles
 s - 6 throwing nets (quivered)
Armour
 z - quicksilver dragon scales (worn)
 B - a +5 large shield of protection (worn)
 D - the +2 pair of gloves of Jimos (worn) {Str+3}
   (You bought it in a shop on level 2 of the Orcish Mines)

   It affects your strength (+3).
 E - a +4 centaur barding of cold resistance (worn)
 I - a +2 hat (worn)
 L - a +2 cloak of magic resistance (worn)
Magical Staves
 b - an uncursed staff of wizardry {!a}
Jewellery
 d - an uncursed ring of poison resistance {!d}
 h - the ring "Saolew" (left hand) {Wiz MR+ Str+3}
   (You found it on level 4 of the Shoals)

   [ring of wizardry]

   It improves your spell success rate.
   It affects your strength (+3).
   It affects your resistance to hostile enchantments.
 o - a +4 amulet of reflection (around neck)
 q - an uncursed ring of resist corrosion
 t - an uncursed ring of positive energy
 y - an uncursed ring of flight
 V - the ring "Caonut" (right hand) {*Drain rF+++ rC+ Slay+2 Stlth+, =R}
   (You found it on level 4 of the Vaults)

   [ring of protection from cold]

   It affects your accuracy and damage with ranged weapons and melee attacks
   (+2).
   It renders you almost immune to fire.
   It protects you from cold.
   It causes draining when unequipped.
   It makes you more stealthy.
Wands
 a - a wand of digging (45)
 r - a wand of acid (33)
Scrolls
 k - 5 scrolls of fear {!r}
 m - 32 scrolls of remove curse
 w - 2 scrolls of summoning {!r}
 x - 8 scrolls of teleportation
 H - 7 scrolls of blinking
 J - 10 scrolls of identify
 N - 3 scrolls of magic mapping {!r}
 O - a scroll of silence
 R - 5 scrolls of amnesia
 T - a scroll of enchant armour
 X - 6 scrolls of holy word
 Z - 7 scrolls of fog
Potions
 e - 6 potions of heal wounds
 f - 7 potions of ambrosia {!q}
 g - 5 potions of magic
 i - 14 potions of flight
 j - 8 potions of lignification
 n - 15 potions of curing
 p - 4 potions of haste
 u - 10 potions of mutation {!q}
 v - 4 potions of cancellation
 A - 8 potions of brilliance
 C - 5 potions of might
 G - 2 potions of agility
 M - 2 potions of resistance
 W - a potion of berserk rage {!q}
 Y - a potion of invisibility
Comestibles
 c - 77 rations
 l - 2 chunks of flesh


   Skills:
 + Level 16.5 Fighting
 + Level 12.9 Armour
 - Level 6.7 Dodging
 + Level 12.3 Shields
 * Level 22.1 Unarmed Combat
 + Level 9.0 Spellcasting
 + Level 1.2 Charms
 + Level 6.5 Necromancy
 - Level 12.0 Transmutations
 + Level 12.8 Earth Magic
 - Level 6.0 Evocations


You had 8 spell levels left.
You knew the following spells:

 Your Spells              Type           Power        Failure   Level  Hunger
a - Irradiate             Conj/Tmut      ####......   21%         5    #####..
b - Passage of Golubria   Tloc           N/A          61%         4    ###....
c - Lee's Rapid Deconstr  Erth           ######....   1%          5    #####..
d - Borgnjor's Vile Clut  Necr/Erth      #####.....   4%          5    #####..
h - Statue Form           Tmut/Erth      #####....    9%          6    ######.
j - Regeneration          Chrm/Necr      ###.......   6%          3    None
u - Swiftness             Chrm/Air       #.......     11%         2    None
x - Passwall              Tmut/Erth      #####.....   1%          2    None


Dungeon Overview and Level Annotations

Branches:
Dungeon (15/15)            Temple (0/1) D:4            Lair (6/6) D:9
 Shoals (4/4) Lair:2        Snake (3/4) Lair:2        Slime (1/5) Lair:5
    Orc (2/2) D:9             Elf (3/3) Orc:2        Vaults (4/5) D:13
  Crypt (1/3) Vaults:3     Depths (5/5) D:15            Zot (0/5) Depths:5

Altars:
Cheibriados
Dithmenos
Fedhas
Hepliaklqana
Kikubaaqudgha
Nemelex Xobeh
Qazlal
Sif Muna
Vehumet
Wu Jian
Xom
Yredelemnul
Beogh
Jiyva

Shops:
D:8 *   D:13 [   D:14 ?   Orc:2 %([[[   Elf:1 =   Elf:3 (   Shoals:4 !(}*}
Snake:2 :((   Vaults:1 (   Vaults:2 ?=   Vaults:4 [   Depths:1 ?   Depths:4 *
Depths:5 %

Portals:
Hell: Depths:1 Depths:2 Depths:3 Depths:4 Depths:5
Abyss: Depths:4
Pandemonium: Depths:3 Depths:5
Ziggurat: Depths:1

Annotations:
Snake:3 Mara
Depths:1 30 runed doors


Innate Abilities, Weirdness & Mutations

You have hooves in place of feet.
Armour fits poorly on your strangely shaped body.
You cover ground very quickly.
You have extremely tough skin. (AC +3)
You are partially covered in slimy green scales. (AC +2)
You are partially covered in yellow scales. (AC +2)
You are clumsy. (Dex -2)
You are somewhat resistant to further mutation.
Your system is resistant to poisons. (rPois)
You are very robust. (+20% HP)
You occasionally shout uncontrollably at your foes.
Potions are less effective at restoring your health.


Message History

You punch the earth elemental!
The earth elemental is heavily damaged.
The deep elf annihilator casts a spell.
The deep elf annihilator blinks!
You block the earth elemental's attack.
You pummel the deep elf annihilator!! You kick the deep elf annihilator!
The deep elf annihilator is heavily wounded.
The deep elf demonologist mumbles some strange words.
You hit the deep elf annihilator.
The deep elf annihilator is heavily wounded.
You block the deep elf annihilator's attack.
The deep elf demonologist mumbles some strange words.
You squash the deep elf annihilator like an ant!!!
You kill the deep elf annihilator!
The sun demon disappears in a puff of smoke!
The deep elf demonologist casts a spell.
You block the earth elemental's attack.
You pummel the earth elemental!!
You destroy the earth elemental!
You hear a shout!
The smoke demon gestures at you. Something smites you!
* * * LOW HITPOINT WARNING * * *
You take 8 damage, and have 82/242 hp.
You punch the deep elf demonologist! You kick the deep elf demonologist!
The deep elf demonologist is heavily wounded.
You beat the deep elf demonologist into a bloody pulp!!!
You kill the deep elf demonologist!
The neqoxec disappears in a puff of smoke!
The Hell Sentinel disappears in a puff of smoke!
The deep elf demonologist hits you but does no damage.
The smoke demon gestures at you. Something smites you!
* * * LOW HITPOINT WARNING * * *
A deep elf demonologist and a deep elf annihilator come into view.
There is an open door, spattered with blood here.
Things that are here:
a long sword; an elf corpse You take 6 damage, and have 76/242 hp.
You punch the deep elf demonologist!
The deep elf demonologist is lightly wounded.
You block the sixfirhy's attack. x3
The deep elf demonologist barely misses you.
The deep elf demonologist casts a spell at you.
You resist with almost no effort.
You pummel the deep elf demonologist!!
Your kick misses the deep elf demonologist.
The deep elf demonologist is severely wounded.
You hear a shout!
You block the sixfirhy's attack.
The sixfirhy hits you but does no damage.
You barely miss the deep elf demonologist.
The deep elf demonologist is severely wounded.
You block the sixfirhy's attack. The sixfirhy barely misses you.
The deep elf demonologist hits you but does no damage.
The deep elf annihilator casts a spell.
The deep elf annihilator blinks!
A deep elf demonologist comes into view.
It is wielding a rapier.
You shout at the deep elf demonologist!
You closely miss the deep elf demonologist.
You kick the deep elf demonologist!
The deep elf demonologist is almost dead.
You hear a shout! x7
The deep elf demonologist gestures at you while chanting.
You resist with almost no effort. You block the ice devil's attack.
You punch the deep elf demonologist!
You kill the deep elf demonologist!
The smoke demon disappears in a puff of smoke!
The ice devil disappears in a puff of smoke!
The sixfirhy disappears in a puff of smoke!
Your life force feels restored.
A deep elf sorcerer comes into view. It is wielding a rapier.
As you close the door, pushing everything out of the way, it creaks loudly!
You start resting.
Eating one of 3 chunks of flesh.
You eat one of the 3 chunks of flesh.
This raw flesh tastes terrible.
A deep elf sorcerer opens the door.
It is wielding a rapier.
You shout at the deep elf demonologist!
A deep elf mage, a deep elf demonologist and a deep elf master archer come into view.
The deep elf mage is wielding a lajatang of distortion.
The deep elf master archer shouts!
You hear a shout! x7
The deep elf sorcerer hits you with a rapier.
* * * LOW HITPOINT WARNING * * *
There is an open door, spattered with blood here.
You take 4 damage, and have 75/242 hp.
As you read the scroll of teleportation, it crumbles to dust.
You feel strangely unstable.
The deep elf demonologist casts a spell.
You block the deep elf sorcerer's attack.
Unknown command.
Unknown command.
The deep elf demonologist casts a spell.
The deep elf demonologist gestures wildly while chanting.
You hear a shout!
You see here 21 arrows.
The soul eater disappears in a puff of smoke!
The deep elf annihilator casts a spell at you.
The bolt of lightning hits you!
* * * LOW HITPOINT WARNING * * *
The bolt of lightning hits you!
You die...
Xom bursts into laughter!

### ** ##)## *** **,* ##}))##
* ** ,,**##[=:$:##**,,,** ,,
,, #}))%)%|##. , ## **,,,
,,,##.))/@##..,, ,:## **
,,,*,,,,##.[(##.?.,* ):$##
*,,,,* *,,,,##'##....###(..$#
**,,,,*,,,,*#eee##....#....#*
**,,,, #ยง.e..##.......#
**,,, ,,.ee............#* *##
,,*...e3......#...#* #*#.##
*#..#.....#..##.##, *
##e..###....##.##....### ,


You could see a deep elf master archer, a deep elf annihilator, 2 deep elf
demonologists and a deep elf mage.

Vanquished Creatures
  3 juggernauts
  Sojobo (Depths:5)
  Margery (Depths:5)
  The ghost of microfolk the Impregnable, a veteran MiAK of Lugonu (Depths:4)
  Frederick (Depths:3)
  Vashnia (Snake:3)
  3 golden dragons
  2 caustic shrikes
  Jory (Depths:3)
  Nikola (Depths:2)
  A bone dragon (Depths:5)
  2 liches
  2 tentacled monstrosities (Depths:5)
  2 deep elf blademasters
  5 titans
  6 sphinxes
  Kirke (D:13)
  A shadow dragon (Snake:2)
  Donald (Elf:2)
  5 storm dragons
  2 tengu reavers (Depths:5)
  A draconian monk (Depths:5)
  3 nagarajas (Snake:2)
  4 fire giants
  Ilsuiw (Shoals:4)
  2 ghost moths (Depths:3)
  A ghost moth (shapeshifter) (Lair:3)
  4 vault wardens
  3 iron dragons
  The ghost of Jaiteiro the Peltast, a journeyman MiFi of Cheibriados (Snake:3)
  2 deep elf sorcerers
  An orc warlord (Orc:2)
  6 frost giants
  A draconian stormcaller (Depths:5)
  Aizul (Snake:1)
  A spriggan defender (Depths:2)
  15 ironheart preservers
  14 stone giants
  2 entropy weavers (Lair:4)
  22 very ugly things
  2 deep elf elementalists
  2 red draconians (Depths:5)
  4 vampire knights (Depths:3)
  Nessos (D:15)
  An entropy weaver (shapeshifter) (Vaults:2)
  7 deep elf demonologists
  5 deep elf annihilators
  6 spark wasps
  A purple draconian (Depths:5)
  2 yellow draconians (Depths:5)
  2 black draconians (Depths:5)
  15 ettins
  An eidolon (Vaults:3)
  A merfolk javelineer (Shoals:4)
  2 deep elf death magi (Elf:3)
  13 ogre magi
  10 fire dragons
  5 jiangshi
  An ettin (shapeshifter) (Depths:4)
  7 yaktaur captains
  8 rakshasas
  A monstrous demonspawn (Depths:5)
  14 ice dragons
  A hell beast (Elf:1)
  13 hydras
  7 great orbs of eyes
  Harold (Lair:2)
  An alligator snapping turtle (Shoals:4)
  5 naga warriors (Snake:2)
  8 vault guards
  4 spriggan air magi
  A death knight (Vaults:2)
  4 merfolk avatars
  5 anacondas
  20 dancing weapons
  19 centaur warriors
  3 merfolk aquamancers
  29 two-headed ogres
  7 deep troll shamans
  3 tengu warriors
  10 naga sharpshooters
  13 deep troll earth magi
  8 spriggan berserkers
  Urug (D:12)
  3 death yaks (Lair:3)
  An orc high priest (Orc:1)
  A hell hog (Snake:1)
  6 shock serpents
  5 satyrs
  17 deep elf knights
  2 vampire magi
  2 soul eaters (Depths:3)
  8 shadow wraiths
  A sixfirhy (Depths:3)
  6 hell knights (Depths:5)
  A salamander mystic (Depths:1)
  2 fire crabs (Shoals:2)
  An iron troll (Depths:3)
  13 skeletal warriors
  3 wizards
  40 deep trolls
  A sea snake (shapeshifter) (D:14)
  8 sea snakes
  A swamp dragon (Vaults:3)
  A shadow demon (Depths:3)
  5 unseen horrors
  6 naga ritualists
  3 glowing orange brains
  17 deep elf archers
  8 flayed ghosts
  A lindwurm (Lair:6)
  A sphinx zombie (Vaults:3)
  7 orc knights
  7 phantasmal warriors
  18 harpies
  3 necromancers
  8 ironbrand convokers
  12 mana vipers
  4 wolf spiders
  50 deep elf magi
  9 fauns
  3 orc sorcerers
  27 ugly things
  6 oklob plants
  21 manticores
  6 salamanders
  2 moths of wrath (shapeshifter)
  7 cyclopes
  4 elephants
  An eye of devastation (Vaults:3)
  2 human skeletons (Vaults:4)
  10 merfolk sirens
  A sphinx skeleton (Vaults:3)
  13 vault sentinels
  A fire giant skeleton (Vaults:4)
  A molten gargoyle (Lair:3)
  6 naga magi
  7 spiny frogs
  A black mamba (shapeshifter) (Vaults:4)
  29 black mambas
  2 water nymphs
  2 gargoyles
  2 yaktaurs (shapeshifter)
  A storm dragon simulacrum (Vaults:2)
  A rime drake (Lair:6)
  3 freezing wraiths
  2 efreet
  A hellwing (Depths:5)
  6 komodo dragons
  19 yaktaurs
  A red devil (Depths:5)
  A tormentor (Depths:5)
  2 yaktaur skeletons (Vaults:4)
  An entropy weaver simulacrum (Vaults:3)
  17 merfolk
  4 tengu conjurers
  7 polar bears
  11 trolls
  6 wind drakes
  A shadow dragon simulacrum (Vaults:4)
  7 hornets
  27 slime creatures
  3 snapping turtles
  A hippogriff (shapeshifter) (Depths:4)
  6 dream sheep
  11 hippogriffs
  19 blink frogs
  A frost giant simulacrum (Vaults:4)
  A stone giant simulacrum (Vaults:2)
  2 ettin skeletons
  6 air elementals
  5 flying skulls
  A redback (Snake:1)
  8 shadows
  A tarantella (shapeshifter) (D:15)
  11 water elementals
  12 spriggans
  2 vampires
  4 wraiths (Depths:3)
  5 basilisks
  48 yaks
  9 fire bats
  4 wyverns
  The ghost of Ethylacetat the Sneak, an amateur NaEn (D:4)
  A yak (shapeshifter) (Depths:1)
  7 fire elementals
  2 hogs (D:13)
  A steam dragon (Lair:3)
  2 hungry ghosts
  9 vampire mosquitoes (Depths:3)
  A human simulacrum (Vaults:4)
  A neqoxec (Depths:5)
  4 wargs
  23 nagas
  A swamp worm (shapeshifter) (D:13)
  A water moccasin (shapeshifter) (Elf:3)
  A swamp worm (Shoals:2)
  7 soldier ants (Lair:4)
  An acid dragon (D:13)
  6 hell hounds
  A soldier ant (shapeshifter) (Depths:1)
  16 water moccasins
  7 porcupines
  A hornet zombie (D:11)
  31 orc warriors
  3 sky beasts
  19 wolves
  A necrophage (D:11)
  9 black bears
  18 boggarts
  4 ice beasts
  A tengu (D:12)
  A tengu (shapeshifter) (Depths:1)
  4 phantoms
  32 ogres
  21 centaurs
  18 crocodiles
  2 big kobolds
  16 bullfrogs
  6 earth elementals
  5 scorpions
  9 killer bees
  11 wights
  6 electric eels (D:7)
  4 crimson imps
  A quasit (D:8)
  6 centaur zombies
  3 howler monkeys
  5 lava snakes
  2 bullfrog zombies
  3 jellies
  18 orc priests
  5 hounds
  23 orc wizards
  A bullfrog skeleton (D:6)
  6 centaur skeletons
  A gnoll shaman (Orc:2)
  3 iguanas
  30 worker ants
  A hound skeleton (D:4)
  Robin (D:2)
  7 gnolls
  12 adders
  2 shadow imps
  2 oozes
  2 adder zombies
  3 worms
  3 dart slugs
  6 leopard geckos
  99 orcs
  4 giant cockroaches
  14 goblins
  13 hobgoblins
  13 jackals
  15 kobolds
  3 quokkas
  2 ball pythons
  5 bats
  2 frilled lizards (D:1)
  A jackal skeleton (D:4)
  6 rats
  6 fire vortices
  3 plants
1763 creatures vanquished.

Vanquished Creatures (collateral kills)
  A fire giant (Depths:2)
  A deep elf sorcerer (Elf:3)
  A fire dragon (Depths:2)
  2 merfolk javelineers (Shoals:4)
  A merfolk impaler (Shoals:3)
  An ice dragon (Depths:2)
  An anaconda (Snake:2)
  A queen ant (Lair:4)
  A death yak (Lair:4)
  The ghost of Rekenzichi the Grappler, a novice TrMo of the Shining One (D:8)
  2 sea snakes
  A deep troll (Depths:2)
  A deep elf archer (Vaults:2)
  2 manticores
  4 fauns
  An ugly thing (Depths:2)
  A cyclops (Shoals:2)
  2 orc sorcerers
  A merfolk siren (Shoals:4)
  A water nymph (Shoals:3)
  A redback zombie (D:15)
  2 merfolk
  A jumping spider (shapeshifter) (Depths:2)
  A wind drake (Shoals:3)
  A blink frog (Lair:3)
  2 snapping turtles (Shoals:4)
  2 dream sheep (Shoals:3)
  A yak (Lair:6)
  A water elemental (Shoals:4)
  A water moccasin (Lair:4)
  An acid dragon (Vaults:2)
  3 soldier ants (Lair:4)
  3 orc warriors (Orc:2)
  A wolf (Lair:4)
  A centaur (D:8)
  2 ogres
  3 orc priests
  4 orc wizards
  2 gnoll shamans (D:5)
  2 worker ants (Lair:4)
  An adder (D:5)
  7 gnolls (D:5)
  10 orcs
80 creatures vanquished.

Vanquished Creatures (others)
  2 shadow dragons
  A stone giant (Depths:4)
  A deep elf annihilator (Elf:1)
  4 merfolk javelineers (Shoals:4)
  4 yaktaur captains
  A naga warrior (Snake:2)
  An anaconda (Snake:3)
  2 centaur warriors (Vaults:1)
  A satyr (Shoals:4)
  4 dancing weapons
  A merfolk aquamancer (Shoals:4)
  A merfolk avatar (Shoals:3)
  4 naga sharpshooters
  3 deep elf knights
  A shadow wraith (Vaults:2)
  A faun (D:9)
  An ugly thing (Depths:4)
  An orc sorcerer (Orc:2)
  3 cyclopes
  A deep elf mage (Elf:1)
  A salamander (Depths:1)
  2 black mambas (Snake:2)
  2 yaktaurs
  A wind drake (Shoals:3)
  A vampire (D:13)
  A water elemental (Shoals:3)
  3 humans (D:13)
  3 orc warriors
  2 boggarts
  7 centaurs
  2 orc priests
  A bullfrog skeleton (D:13)
  2 orc wizards
  7 orcs
  A fire vortex (Lair:6)
  3 fungi
  21 plants
98 creatures vanquished.

Grand Total: 1941 creatures vanquished

Notes
Turn   | Place    | Note
-------+----------+-------------------------------------------
     0 | D:1      | Monsterracer the Centaur Chaos Knight began the quest for the Orb.
     0 | D:1      | Reached XP level 1. HP: 19/19 MP: 1/1
    39 | D:1      | Reached XP level 2. HP: 21/26 MP: 2/2
   276 | D:1      | XOM: silly message
   428 | D:1      | Reached XP level 3. HP: 25/31 MP: 3/3
   562 | D:1      | XOM: mild Chrm miscast
   773 | D:1      | Reached skill level 4 in Unarmed Combat
  1120 | D:2      | XOM: harmless Pois miscast
  1164 | D:2      | Found a snail-covered altar of Cheibriados.
  1281 | D:2      | XOM: silly message
  1403 | D:2      | Reached XP level 4. HP: 37/40 MP: 4/4
  1540 | D:2      | Noticed Robin
  1552 | D:2      | XOM: give mutation
  1552 | D:2      | Gained mutation: You are covered in fur. (AC +1) [Xom's grace]
  1566 | D:2      | Killed Robin
  1596 | D:2      | XOM is BORED!
  1596 | D:2      | XOM: mild Conj miscast
  1894 | D:3      | XOM: noise
  1941 | D:3      | Identified Xom's Papyrus of the New World (Xom gifted it to you on level 3 of the Dungeon)
  1941 | D:3      | XOM: god gift: Xom's Papyrus of the New World
  2202 | D:3      | Found a sparkling altar of Nemelex Xobeh.
  2756 | D:3      | XOM: god gift: encrusted gold wand {god gift}
  2769 | D:3      | XOM: god gift: ivory wand {god gift}
  2821 | D:4      | Found a shadowy altar of Dithmenos.
  2821 | D:4      | Noticed an ogre
  2822 | D:4      | Noticed a wolf
  2822 | D:4      | an ogre changed into a wolf
  2822 | D:4      | XOM: polymorph ogre -> wolf
  2836 | D:4      | Killed a wolf
  2836 | D:4      | Reached skill level 5 in Unarmed Combat
  2836 | D:4      | Reached XP level 5. HP: 36/47 MP: 5/5
  2909 | D:4      | XOM: scenery: create altars
  2931 | D:4      | Found a stormy altar of Qazlal.
  2934 | D:4      | Noticed an orc warrior
  2936 | D:4      | Noticed a phantom
  2965 | D:4      | Noticed Ethylacetat's ghost (amateur NaEn)
  2973 | D:4      | Killed Ethylacetat's ghost
  2973 | D:4      | Reached skill level 6 in Unarmed Combat
  2973 | D:4      | Reached XP level 6. HP: 45/53 MP: 6/6
  3015 | D:4      | Found a transporter.
  3029 | D:4      | XOM: cloud trail
  3034 | D:4      | Found a staircase to the Ecumenical Temple.
  3114 | D:4      | XOM: 9-stop teleportation journey
  3250 | D:4      | XOM: god gift: wand of acid (10)
  3260 | D:4      | Found a transporter.
  3313 | D:4      | XOM: scenery: create altars
  3340 | D:4      | Found an ancient bone altar of Kikubaaqudgha.
  3341 | D:4      | Found a blossoming altar of Fedhas.
  3443 | D:4      | XOM: cast spell 'Monstrous Menagerie'
  3472 | D:4      | XOM: polymorph manticore -> satyr
  3688 | D:4      | Found a blossoming altar of Fedhas.
  3707 | D:5      | Entered Level 5 of the Dungeon
  3714 | D:5      | XOM: summons 5 friendly demons
  3715 | D:5      | Reached skill level 5 in Fighting
  3738 | D:5      | HP: 25/56 [gnoll/halberd (5)]
  3742 | D:5      | Reached XP level 7. HP: 25/61 MP: 1/7
  3744 | D:5      | Reached skill level 7 in Unarmed Combat
  4159 | D:5      | Found a hazy altar of Hepliaklqana.
  4160 | D:5      | Found an ornate altar of the Wu Jian Council.
  4261 | D:5      | XOM: god gift: potion of curing
  4271 | D:5      | XOM: chaos upgrade
  4272 | D:5      | HP: 29/61 [ogre/giant club of chaos (8)]
  4275 | D:5      | XOM: harmless Summ miscast
  4278 | D:5      | XOM: destruction
  4283 | D:5      | HP: 27/61 [phantom (4)]
  4300 | D:5      | HP: 28/61 [phantom (1)]
  4309 | D:5      | HP: 26/61 [phantom (4)]
  4523 | D:5      | XOM: scenery: create altars
  4557 | D:6      | Reached skill level 1 in Shields
  4572 | D:6      | XOM: give mutations
  4572 | D:6      | Gained mutation: Your muscles are strong. (Str +2) [Xom's grace]
  4572 | D:6      | Gained mutation: You possess an exceptional clarity of mind. [Xom's grace]
  4600 | D:6      | XOM: cleaving
  4667 | D:6      | XOM: noise
  4722 | D:6      | XOM: harmless Ice miscast
  4724 | D:6      | HP: 17/62 [ogre/giant spiked club (23)]
  4725 | D:6      | XOM: confuse monster(s)
  4727 | D:6      | Reached XP level 8. HP: 20/70 MP: 8/8
  4909 | D:6      | XOM: summons 4 hostile demons
  4924 | D:6      | HP: 33/70 [chaos spawn[Xom] (8)]
  4930 | D:6      | HP: 32/70 [iron imp[Xom] (3)]
  5218 | D:6      | Reached skill level 8 in Unarmed Combat
  5412 | D:6      | Learned a level 2 spell: Swiftness
  5484 | D:6      | XOM: severe Tmut miscast
  5484 | D:6      | Lost mutation: Your muscles are strong. (Str +2) [the severe capriciousness of Xom]
  5524 | D:6      | XOM: 5-stop teleportation journey
  5735 | D:6      | XOM: stat loss: -1 Str (15/16)
  5780 | D:6      | XOM: give mutations
  5780 | D:6      | Gained mutation: Your muscles are strong. (Str +2) [Xom's grace]
  5780 | D:6      | Gained mutation: You have a pair of small horns on your head. [Xom's grace]
  5843 | D:6      | XOM: scenery: create altars
  6187 | D:7      | XOM: give mutation
  6187 | D:7      | Gained mutation: You are robust. (+10% HP) [Xom's grace]
  6580 | D:7      | XOM: give mutation
  6580 | D:7      | Gained mutation: Your natural rate of healing is unusually fast. [Xom's grace]
  6689 | D:7      | XOM: divination: detect creatures
  6730 | D:7      | XOM: mild Erth miscast
  6942 | D:7      | XOM: give mutation
  6942 | D:7      | Gained mutation: You evolve. [Xom's grace]
  7199 | D:8      | Reached skill level 9 in Unarmed Combat
  7246 | D:8      | Noticed a two-headed ogre
  7257 | D:8      | Reached XP level 9. HP: 83/85 MP: 9/9
  7257 | D:8      | XOM: cleaving
  7261 | D:8      | XOM: cleaving
  7266 | D:8      | XOM: smoke on damage
  7268 | D:8      | XOM: potion effect (might)
  7269 | D:8      | Killed a two-headed ogre
  7269 | D:8      | HP: 39/86 [iguana (6)]
  7279 | D:8      | Noticed Rekenzichi's ghost (novice TrMo)
  7281 | D:8      | XOM: divination: magic mapping
  7283 | D:8      | HP: 28/86 [Rekenzichi's ghost (18)]
  7285 | D:8      | XOM: divination: magic mapping
  7287 | D:8      | XOM: summons 3 friendly demons
  7287 | D:8      | HP: 8/86 [Rekenzichi's ghost (15)]
  7289 | D:8      | Killed Rekenzichi's ghost
  7289 | D:8      | Reached skill level 10 in Unarmed Combat
  7421 | D:8      | Got a flickering gossamer ring
  7423 | D:8      | Identified the ring of Ucaruner {rF+ Int+3 Dex+3} (You found it on level 8 of the Dungeon)
  7471 | D:8      | Got an ichor-stained chain mail
  7501 | D:8      | Found Lowkuty's General Store.
  7512 | D:8      | Identified the +1 chain mail "Wohappob" {rElec MR+ Str+4} (You found it on level 8 of the Dungeon)
  7514 | D:8      | Bought a +2 cloak of magic resistance for 236 gold pieces
  7514 | D:8      | Bought a potion of resistance for 110 gold pieces
  7600 | D:8      | XOM: noise
  7993 | D:9      | XOM: draining
  8000 | D:9      | XOM: mild Necr miscast
  8027 | D:9      | Reached skill level 1 in Dodging
  8164 | D:9      | Found a staircase to the Orcish Mines.
  8220 | D:9      | XOM: god gift: 4 rations
  8232 | D:9      | XOM: chaos cloud
  8237 | D:9      | Found a staircase to the Lair.
  8237 | D:9      | Noticed a troll
  8284 | D:9      | Killed a troll
  8284 | D:9      | Reached XP level 10. HP: 53/95 MP: 5/10
  8401 | D:9      | Got a smoking shortbow
  8411 | D:9      | Identified the +3 shortbow "Earthworm" {velocity, *Drain +Inv MP-9 Str+5} (You found it on level 9 of the Dungeon)
  8665 | D:9      | XOM: stat loss: -1 Str (17/18)
  8667 | D:9      | XOM: god gift: potion of curing
  8678 | D:9      | Reached skill level 11 in Unarmed Combat
  8679 | D:9      | HP: 40/95 [large slime creature (13)]
  8696 | D:9      | Noticed a faun
  8696 | D:9      | a large slime creature changed into a faun
  8696 | D:9      | XOM: polymorph large slime creature -> faun
  8735 | D:9      | Killed a faun
  8735 | D:9      | XOM: divine lightning
  8841 | Lair:1   | Entered Level 1 of the Lair of Beasts
  8904 | Lair:1   | Identified a scroll of acquirement
  9031 | Lair:1   | XOM: cast spell 'Shadow Creatures'
  9045 | Lair:1   | HP: 40/95 [komodo dragon (23)]
  9045 | Lair:1   | XOM: smoke on damage
  9054 | Lair:1   | Reached skill level 5 in Armour
  9055 | Lair:1   | HP: 32/95 [hippogriff (5)]
  9060 | Lair:1   | HP: 23/95 [hippogriff (1)]
  9065 | Lair:1   | HP: 19/96 [hippogriff (6)]
  9335 | Lair:1   | XOM: noise
  9337 | Lair:1   | XOM: cast spell 'Summon Butterflies'
  9358 | Lair:1   | Learned a level 5 spell: Irradiate
  9378 | Lair:1   | XOM: harmless Fire miscast
  9673 | Lair:1   | XOM: silly message
  9714 | Lair:1   | XOM: divination: detect creatures
  9894 | Lair:2   | XOM: cloud trail
  9951 | Lair:2   | Noticed a merfolk siren
  9951 | Lair:2   | XOM: harmless Hex miscast
  9952 | Lair:2   | Noticed a merfolk siren
  9959 | Lair:2   | XOM: mild Pois miscast
  9960 | Lair:2   | HP: 49/98 [merfolk siren/spear (10)]
  9963 | Lair:2   | Killed a merfolk siren
  9963 | Lair:2   | Reached skill level 12 in Unarmed Combat
  9963 | Lair:2   | Reached XP level 11. HP: 44/103 MP: 8/11
  9965 | Lair:2   | HP: 41/103 [merfolk/trident (3)]
  9970 | Lair:2   | HP: 41/103 [poisoned by the capriciousness of Xom (residual poison)]
  9978 | Lair:2   | HP: 43/103 [poisoned by the capriciousness of Xom (residual poison)]
  9984 | Lair:2   | HP: 45/103 [poisoned by the capriciousness of Xom (residual poison)]
  9984 | Lair:2   | XOM: divination: detect items
  9989 | Lair:2   | HP: 46/103 [poisoned by the capriciousness of Xom (residual poison)]
  9991 | Lair:2   | XOM: divination: detect items
  9995 | Lair:2   | HP: 48/103 [poisoned by the capriciousness of Xom (residual poison)]
 10137 | Lair:2   | XOM: harmless Air miscast
 10138 | Lair:2   | XOM: harmless Chrm miscast
 10252 | Lair:2   | Found a staircase to the Shoals.
 10479 | Lair:2   | XOM: divination: detect creatures
 10608 | Lair:2   | Noticed an oklob plant
 10609 | Lair:2   | Noticed an oklob plant
 10614 | Lair:2   | XOM: cast spell 'Call Canine Familiar'
 10654 | Lair:2   | Noticed an oklob plant
 10756 | Lair:2   | XOM: cast spell 'Ring of Flames'
 10759 | Lair:2   | Killed an oklob plant
 10899 | Lair:2   | Killed an oklob plant
 10943 | Lair:2   | Killed an oklob plant
 10994 | Lair:2   | XOM: harmless Erth miscast
 11034 | Lair:2   | XOM: smoke on damage
 11041 | Lair:2   | XOM: harmless Erth miscast
 11098 | Lair:2   | Noticed Harold
 11111 | Lair:2   | Killed Harold
 11153 | Lair:2   | Found a staircase to the Snake Pit.
 11244 | Lair:2   | Noticed a seven-headed hydra
 11256 | Lair:2   | Killed a seven-headed hydra
 11754 | Snake:1  | Entered Level 1 of the Snake Pit
 11851 | Snake:1  | Noticed a mana viper
 11864 | Snake:1  | XOM: cast spell 'Summon Small Mammal'
 11870 | Snake:1  | XOM: enchant monster (bad)
 11887 | Lair:2   | Reached skill level 13 in Unarmed Combat
 11906 | Lair:2   | XOM: harmless Chrm miscast
 11991 | Lair:3   | XOM: enchant monster (bad)
 12015 | Lair:2   | HP: 53/107 [black mamba (15)]
 12020 | Lair:2   | HP: 29/107 [poisoned by a black mamba]
 12025 | Lair:2   | HP: 21/107 [poisoned by a black mamba]
 12030 | Lair:2   | HP: 18/107 [poisoned by a black mamba]
 12035 | Lair:2   | HP: 16/107 [poisoned by a black mamba]
 12040 | Lair:2   | HP: 15/107 [poisoned by a black mamba]
 12046 | Lair:2   | HP: 16/107 [poisoned by a black mamba]
 12052 | Lair:2   | HP: 18/107 [poisoned by a black mamba]
 12060 | Lair:2   | HP: 22/107 [poisoned by a black mamba]
 12321 | Lair:3   | Reached XP level 12. HP: 100/115 MP: 12/12
 12321 | Lair:3   | XOM: summons friendly white imp
 12324 | Lair:3   | XOM: summons 4 friendly demons
 12326 | Lair:3   | XOM: harmless Necr miscast
 12357 | Lair:3   | XOM: divination: magic mapping
 12404 | Lair:3   | Reached skill level 10 in Fighting
 12416 | Lair:3   | XOM: swap monsters
 12518 | Lair:3   | HP: 50/115 [xom (32)]
 12518 | Lair:3   | XOM: torment (50/115 hp)
 12525 | Lair:3   | HP: 51/115 [poisoned by a spiny frog]
 12530 | Lair:3   | HP: 53/115 [poisoned by a spiny frog]
 12536 | Lair:3   | HP: 55/115 [poisoned by a spiny frog]
 12644 | Lair:3   | XOM: enchant monster (bad)
 12749 | Lair:3   | XOM: enchant monster (bad)
 12756 | Lair:3   | XOM: polymorph crocodile -> steam dragon
 12762 | Lair:3   | HP: 53/115 [blink frog (6)]
 12775 | Lair:3   | XOM: potion effect (berserk rage)
 12781 | Lair:3   | HP: 66/172 [blink frog (11)]
 12787 | Lair:3   | HP: 29/115 [blink frog (8)]
 12798 | Lair:3   | HP: 35/115 [bullfrog (4)]
 12880 | Lair:3   | XOM: harmless Chrm miscast
 13041 | Lair:3   | Gained mutation: You rapidly evolve. [evolution]
 13054 | Lair:3   | XOM: divination: magic mapping
 13162 | Lair:3   | Noticed an eight-headed hydra
 13162 | Lair:3   | Noticed a four-headed hydra
 13171 | Lair:3   | XOM: cast spell 'Summon Small Mammal'
 13181 | Lair:3   | Killed an eight-headed hydra
 13185 | Lair:3   | HP: 54/116 [four-headed hydra (9)]
 13190 | Lair:3   | HP: 29/117 [four-headed hydra (4)]
 13194 | Lair:3   | Killed a four-headed hydra
 13384 | Lair:3   | XOM: give mutation
 13384 | Lair:3   | Lost mutation: You have a pair of small horns on your head. [Xom's mischief]
 13390 | Lair:3   | Reached skill level 14 in Unarmed Combat
 13390 | Lair:3   | XOM: mild Tloc miscast
 13473 | Lair:3   | XOM: medium Hex miscast
 13622 | Lair:3   | XOM: give mutations
 13622 | Lair:3   | Lost mutation: Your muscles are strong. (Str +2) [Xom's mischief]
 13622 | Lair:3   | Gained mutation: Your spells are a little harder to cast, but a little more powerful. [Xom's mischief]
 13622 | Lair:3   | Gained mutation: Your body sometimes deteriorates upon taking damage. [Xom's mischief]
 13622 | Lair:3   | Lost mutation: You are covered in fur. (AC +1) [Xom's mischief]
 13760 | Lair:4   | XOM: polymorph wyvern -> black bear
 13765 | Lair:4   | XOM: summons 3 hostile demons
 13813 | Lair:4   | XOM: mild Air miscast
 13860 | Lair:4   | Noticed a queen ant
 13860 | Lair:4   | Noticed an entropy weaver
 13862 | Lair:4   | XOM: enchant monster (bad)
 13863 | Lair:4   | Noticed an entropy weaver
 13874 | Lair:4   | XOM: cast spell 'Summon Small Mammal'
 14018 | Lair:4   | XOM: potion effect (brilliance)
 14021 | Lair:4   | XOM: silly message
 14022 | Lair:4   | XOM: harmless Ice miscast
 14023 | Lair:4   | Noticed a death yak
 14036 | Lair:3   | XOM: god gift: wand of digging (8)
 14082 | Lair:4   | Noticed a death yak
 14082 | Lair:4   | Noticed a death yak
 14083 | Lair:4   | Noticed a death yak
 14090 | Lair:3   | XOM: confuse monster(s)
 14092 | Lair:3   | XOM: blink monster(s)
 14104 | Lair:3   | XOM: silly message
 14105 | Lair:3   | XOM: scenery: create altars
 14111 | Lair:3   | Killed a death yak
 14135 | Lair:3   | XOM: fog
 14142 | Lair:3   | XOM: enchant monster (good)
 14144 | Lair:3   | Reached skill level 5 in Shields
 14145 | Lair:3   | HP: 58/118 [death yak (15)]
 14150 | Lair:3   | Killed a death yak
 14247 | Lair:3   | Noticed a minotaur
 14247 | Lair:3   | a death yak changed into a minotaur
 14247 | Lair:3   | XOM: polymorph death yak -> minotaur
 14249 | Lair:3   | Noticed a queen ant
 14249 | Lair:3   | a minotaur changed into a queen ant
 14254 | Lair:3   | a queen ant changed into something unseen
 14260 | Lair:3   | XOM: divine lightning
 14267 | Lair:3   | HP: 59/118 [something (3)]
 14268 | Lair:3   | Killed a ghost moth
 14272 | Lair:3   | Killed a death yak
 14272 | Lair:3   | HP: 47/118 [poisoned by a ghost moth]
 14277 | Lair:3   | HP: 37/118 [poisoned by a ghost moth]
 14282 | Lair:3   | HP: 29/118 [poisoned by a ghost moth]
 14287 | Lair:3   | HP: 25/118 [poisoned by a ghost moth]
 14292 | Lair:3   | HP: 23/118 [poisoned by a ghost moth]
 14297 | Lair:3   | HP: 23/118 [poisoned by a ghost moth]
 14302 | Lair:3   | HP: 23/118 [poisoned by a ghost moth]
 14307 | Lair:3   | HP: 25/118 [poisoned by a ghost moth]
 14314 | Lair:3   | HP: 27/118 [poisoned by a ghost moth]
 14322 | Lair:3   | HP: 31/118 [poisoned by a ghost moth]
 14533 | Lair:4   | XOM: mild Necr miscast
 14537 | Lair:4   | XOM: cast spell 'Summon Mana Viper'
 14542 | Lair:3   | Reached XP level 13. HP: 120/125 MP: 13/13
 14567 | Lair:3   | XOM: enchant monster (bad)
 14571 | Lair:3   | XOM: noise
 14582 | Lair:3   | Gained mutation: You are partially covered in large bone plates. (SH +4) [evolution]
 14703 | Lair:4   | XOM: enchant monster (good)
 14762 | Lair:4   | XOM: 2-stop teleportation journey
 14786 | Lair:4   | XOM: scenery: create altars
 14881 | Lair:4   | XOM: cleaving
 14884 | Lair:4   | XOM: summons 8 friendly demons
 14939 | Lair:4   | XOM: cast spell 'Summon Hydra'
 14998 | Lair:4   | XOM: give mutations
 14998 | Lair:4   | Gained mutation: You are resistant to electric shocks. (rElec) [Xom's grace]
 14998 | Lair:4   | Gained mutation: Your muscles are strong. (Str +2) [Xom's grace]
 15004 | Lair:4   | XOM: smoke on damage
 15007 | Lair:4   | Killed an entropy weaver
 15079 | Lair:4   | XOM: god gift: 16 stones
 15121 | Lair:4   | XOM: fake destruction
 15129 | Lair:4   | XOM: summons friendly orange demon
 15173 | Lair:4   | XOM: cloud trail
 15270 | Lair:4   | HP: 62/126 [entropy weaver (7)]
 15275 | Lair:4   | Killed an entropy weaver
 15532 | Lair:4   | XOM: medium Ice miscast
 15721 | Lair:5   | XOM: swap monsters
 15732 | Lair:5   | Reached skill level 1 in Evocations
 15732 | Lair:5   | Gained mutation: You are very robust. (+20% HP) [evolution]
 15933 | Lair:5   | XOM: swap monsters
 15944 | Lair:5   | XOM: summons friendly quasit
 15974 | Lair:5   | XOM: 2-stop teleportation journey
 15981 | Lair:5   | XOM: harmless Hex miscast
 16002 | Lair:5   | XOM: god gift: leatherbound book {god gift}
 16205 | Lair:5   | Found a staircase to the Slime Pits.
 16206 | Lair:5   | Found a viscous altar of Jiyva.
 16478 | Slime:1  | Entered Level 1 of the Pits of Slime
 16478 | Slime:1  | Noticed an azure jelly
 16523 | Lair:6   | Entered Level 6 of the Lair of Beasts
 16529 | Lair:6   | Reached skill level 15 in Unarmed Combat
 16554 | Lair:6   | XOM: fake destruction
 16556 | Lair:6   | HP: 69/139 [crocodile (11)]
 16558 | Lair:6   | XOM: destruction
 16563 | Lair:6   | HP: 69/139 [blink frog (2)]
 16570 | Lair:5   | Reached skill level 1 in Transmutations
 16572 | Lair:5   | HP: 69/139 [black mamba (3)]
 16634 | Lair:5   | XOM: cloud trail
 16812 | Lair:6   | XOM: summons 9 friendly demons
 16814 | Lair:6   | XOM: confuse monster(s)
 16822 | Lair:6   | XOM: confuse monster(s)
 16840 | Lair:6   | XOM: summons friendly ufetubus
 16858 | Lair:6   | XOM: divination: detect items
 17097 | Lair:6   | XOM: harmless Fire miscast
 17337 | Lair:6   | XOM: mild Air miscast
 17386 | Lair:6   | XOM: mild Ice miscast
 17438 | Lair:6   | XOM: polymorph wolf -> naga
 17447 | Lair:6   | XOM: mild Fire miscast
 17449 | Lair:6   | XOM: give mutation
 17449 | Lair:6   | Gained mutation: You have a pair of small horns on your head. [Xom's grace]
 17458 | Lair:6   | Reached skill level 1 in Spellcasting
 17462 | Lair:6   | XOM: medium Ice miscast
 17465 | Lair:6   | XOM: potion effect (might)
 17550 | Lair:6   | XOM: summons 2 friendly demons
 17551 | Lair:6   | XOM: noise
 17563 | Lair:6   | XOM: confuse monster(s)
 17568 | Lair:6   | XOM: blink monster(s)
 17573 | Lair:6   | XOM: confuse monster(s)
 17602 | Lair:6   | XOM: summons 4 hostile demons
 17610 | Lair:6   | XOM: harmless Tmut miscast
 17621 | Lair:6   | XOM: 3-stop teleportation journey
 17668 | Lair:6   | Reached XP level 14. HP: 148/148 MP: 16/16
 17676 | Lair:6   | Learned a level 6 spell: Statue Form
 17690 | Lair:6   | XOM: harmless Air miscast
 17707 | Lair:6   | XOM: potion effect (heal wounds)
 17713 | Lair:6   | XOM: silly message
 17720 | Lair:6   | Reached skill level 1 in Earth Magic
 17853 | Lair:6   | Identified Oneig's Compendium of Dark Rituals
 17880 | Lair:6   | Learned a level 3 spell: Regeneration
 17909 | Lair:6   | XOM: give mutations
 17909 | Lair:6   | Gained mutation: Your body often deteriorates upon taking damage. [Xom's mischief]
 17909 | Lair:6   | Lost mutation: Your body often deteriorates upon taking damage. [Xom's mischief]
 17909 | Lair:6   | Gained mutation: You are clumsy. (Dex -2) [Xom's mischief]
 17909 | Lair:6   | Lost mutation: Your muscles are strong. (Str +2) [Xom's mischief]
 17967 | Lair:6   | XOM: scenery: create altars
 18398 | D:4      | XOM: potion effect (berserk rage)
 18826 | Orc:1    | Entered Level 1 of the Orcish Mines
 18958 | Orc:2    | Entered Level 2 of the Orcish Mines
 18976 | Orc:2    | Gained mutation: You are partially covered in slimy green scales. (AC +2) [evolution]
 19037 | Orc:2    | Found a staircase to the Elven Halls.
 19069 | Orc:2    | XOM: harmless Fire miscast
 19083 | Orc:2    | XOM: polymorph orc warrior -> iguana
 19141 | Orc:2    | Found a roughly hewn altar of Beogh.
 19191 | Orc:2    | XOM: polymorph orc warrior -> worker ant
 19261 | Orc:2    | XOM: summons friendly white imp
 19264 | Orc:2    | Noticed an orc warlord
 19291 | Orc:2    | XOM: summons friendly white imp
 19300 | Orc:2    | XOM: confuse monster(s)
 19304 | Orc:2    | Reached skill level 5 in Transmutations
 19323 | Orc:2    | XOM: enchant monster (good)
 19329 | Orc:2    | XOM: destruction
 19344 | Orc:2    | Killed an orc warlord
 19408 | Orc:2    | Found Mechow's Antique Armour Shoppe.
 19412 | Orc:2    | Found a roughly hewn altar of Beogh.
 19414 | Orc:2    | Found Salaoxtyrch's Antique Weapon Emporium.
 19478 | Orc:2    | XOM: god gift: ration
 19504 | Orc:2    | Found a roughly hewn altar of Beogh.
 19509 | Orc:2    | Found Guj Bacu's Antique Armour Shoppe.
 19527 | Orc:2    | Bought a brightly glowing leather armour for 217 gold pieces
 19527 | Orc:2    | Identified the cursed +1 leather armour of Exclusion {-Tele rElec rCorr Str-3} (You bought it in a shop on level 2 of the Orcish Mines)
 19673 | Orc:2    | Found a roughly hewn altar of Beogh.
 19685 | Orc:2    | XOM: summons friendly ufetubus
 19688 | Orc:2    | XOM: cleaving
 19709 | Orc:2    | Found Faoqok's Antique Armour Emporium.
 19714 | Orc:2    | Bought a runed shield for 240 gold pieces
 19770 | Orc:2    | Found Car Goal's Food Boutique.
 19879 | Orc:2    | Found a roughly hewn altar of Beogh.
 20041 | Orc:2    | XOM: divination: magic mapping
 20116 | Orc:1    | XOM: summons friendly ufetubus
 20196 | Orc:1    | HP: 59/148 [orc priest/divine providence (16)]
 20201 | Orc:1    | HP: 36/148 [poisoned by an orange demon]
 20206 | Orc:1    | HP: 33/148 [poisoned by an orange demon]
 20212 | Orc:1    | HP: 32/148 [poisoned by an orange demon]
 20217 | Orc:1    | HP: 32/148 [poisoned by an orange demon]
 20223 | Orc:1    | HP: 33/148 [poisoned by an orange demon]
 20229 | Orc:1    | HP: 36/148 [poisoned by an orange demon]
 20237 | Orc:1    | HP: 40/148 [poisoned by an orange demon]
 20419 | Orc:1    | XOM: summons 7 friendly demons
 20427 | Orc:1    | XOM: polymorph ufetubus -> quasit
 20571 | Orc:1    | XOM: cloud trail
 20667 | Orc:2    | Bought a pair of smoking gloves for 304 gold pieces
 20667 | Orc:2    | Bought a faintly glowing chain mail for 304 gold pieces
 20677 | Orc:2    | Identified the +2 pair of gloves of Jimos {Str+3} (You bought it in a shop on level 2 of the Orcish Mines)
 20679 | Orc:2    | Identified the cursed +1 chain mail "Mid Gel" {*Contam rPois rN++ Regen+} (You bought it in a shop on level 2 of the Orcish Mines)
 20744 | D:10     | Entered Level 10 of the Dungeon
 20748 | D:10     | XOM: confuse monster(s)
 20856 | D:10     | XOM: destruction
 21032 | D:10     | XOM: blink monster(s)
 21033 | D:10     | XOM: medium Erth miscast
 21199 | D:10     | Gained mutation: Your spells are harder to cast, but more powerful. [evolution]
 21445 | D:11     | XOM: summons 2 hostile demons
 21456 | D:11     | XOM: mild Chrm miscast
 21846 | D:11     | XOM: 4-stop teleportation journey
 22120 | D:11     | Reached skill level 5 in Earth Magic
 22223 | D:12     | Noticed Urug
 22225 | D:12     | XOM: swap monsters
 22230 | D:12     | Killed Urug
 22250 | D:12     | XOM: mild Ice miscast
 22318 | D:12     | XOM: summons 6 hostile demons
 22400 | D:12     | HP: 74/148 [enormous slime creature (22)]
 22514 | D:12     | XOM: noise
 22541 | D:12     | Noticed Sonja
 22559 | D:12     | Noticed Sonja
 22559 | D:12     | Sonja changed into Sonja the tengu
 22560 | D:12     | Killed Sonja the tengu
 22574 | D:12     | HP: 43/148 [very large slime creature (37)]
 22574 | D:12     | XOM: butterfly on damage
 22584 | D:12     | HP: 45/148 [killer bee (5)]
 22589 | D:12     | HP: 44/148 [poisoned by a killer bee]
 22596 | D:12     | HP: 46/148 [poisoned by a killer bee]
 22603 | D:12     | HP: 48/148 [poisoned by a killer bee]
 22608 | D:12     | HP: 46/148 [poisoned by a killer bee]
 22614 | D:12     | HP: 49/148 [poisoned by a killer bee]
 22632 | D:12     | XOM: summons 3 hostile shadow creatures
 22639 | D:12     | HP: 63/148 [troll[Xom] (2)]
 22723 | D:12     | XOM: harmless Summ miscast
 22923 | D:12     | XOM: noise
 23290 | D:13     | Found a blossoming altar of Fedhas.
 23483 | D:13     | Found Jyuneceg's Armour Shop.
 23530 | D:13     | Bought a +2 centaur barding of cold resistance for 520 gold pieces
 23567 | D:13     | Lost mutation: Your spells are harder to cast, but more powerful. [evolution]
 23599 | D:13     | Found a gate to the Vaults.
 23658 | D:13     | Noticed Kirke
 23662 | D:13     | XOM: harmless Hex miscast
 23669 | D:13     | XOM: swap monsters
 23672 | D:13     | XOM: 1-stop teleportation journey
 23707 | D:13     | XOM: noise
 23739 | D:13     | XOM: chaos upgrade
 23742 | D:13     | Reached XP level 15. HP: 130/156 MP: 21/21
 23783 | D:13     | XOM: 2-stop teleportation journey
 23789 | D:13     | XOM: summons 3 hostile demons
 23790 | D:13     | XOM: blink monster(s)
 23841 | D:13     | Killed Kirke
 23849 | D:13     | XOM: polymorph deep elf archer -> slime creature
 23859 | D:13     | XOM: harmless Erth miscast
 23891 | D:13     | Learned a level 5 spell: Borgnjor's Vile Clutch
 24208 | D:13     | XOM: harmless Hex miscast
 24213 | D:13     | XOM: confuse monster(s)
 24245 | D:13     | XOM: harmless Conj miscast
 24422 | D:13     | XOM: enchant monster (bad)
 24682 | D:14     | XOM: divination: detect items
 24719 | D:14     | XOM: confuse monster(s)
 24730 | D:14     | XOM: harmless Necr miscast
 24829 | D:14     | XOM: noise
 24852 | D:14     | XOM: chaos upgrade
 24854 | D:14     | HP: 78/156 [poisoned by a skeletal warrior]
 24859 | D:14     | HP: 73/156 [poisoned by a skeletal warrior]
 24864 | D:14     | HP: 68/156 [poisoned by a skeletal warrior]
 24870 | D:14     | HP: 64/156 [poisoned by a skeletal warrior]
 24875 | D:14     | HP: 63/156 [poisoned by a skeletal warrior]
 24880 | D:14     | HP: 63/156 [poisoned by a skeletal warrior]
 24886 | D:14     | HP: 65/156 [poisoned by a skeletal warrior]
 24892 | D:14     | HP: 67/156 [poisoned by a skeletal warrior]
 24900 | D:14     | HP: 71/156 [poisoned by a skeletal warrior]
 25034 | D:14     | XOM: summons 7 hostile demons
 25316 | D:14     | XOM: 4-stop teleportation journey
 25399 | D:14     | XOM: noise
 25500 | D:14     | Found Loffaewi's Magic Scroll Emporium.
 25507 | D:14     | Bought a scroll of blinking for 127 gold pieces
 25507 | D:14     | Bought a scroll of enchant armour for 127 gold pieces
 25556 | D:14     | XOM: mild Air miscast
 25557 | D:14     | XOM: swap monsters
 25658 | D:14     | XOM: give mutations
 25658 | D:14     | Lost mutation: You have a pair of small horns on your head. [Xom's mischief]
 25658 | D:14     | Lost mutation: You are clumsy. (Dex -2) [Xom's mischief]
 25697 | D:15     | Entered Level 15 of the Dungeon
 25728 | D:15     | XOM: chaos cloud
 25736 | D:15     | XOM: medium Tmut miscast
 25770 | D:15     | HP: 53/156 [something (36)]
 25781 | D:15     | HP: 52/156 [something (7)]
 25785 | D:15     | HP: 17/156 [something (10)]
 25835 | D:15     | HP: 36/156 [large slime creature (12)]
 25935 | D:15     | Noticed Nessos
 25937 | D:15     | XOM: severe Erth miscast
 25941 | D:15     | HP: 78/156 [poisoned by Nessos]
 25946 | D:15     | HP: 64/156 [poisoned by Nessos]
 25949 | D:15     | Killed Nessos
 25951 | D:15     | HP: 61/156 [poisoned by Nessos]
 25957 | D:15     | HP: 52/158 [poisoned by Nessos]
 25962 | D:14     | HP: 52/158 [poisoned by Nessos]
 25967 | D:14     | HP: 52/158 [poisoned by Nessos]
 25972 | D:14     | HP: 54/158 [poisoned by Nessos]
 25979 | D:14     | HP: 57/158 [poisoned by Nessos]
 25987 | D:14     | HP: 62/158 [poisoned by Nessos]
 26027 | D:14     | XOM: summons 3 hostile shadow creatures
 26078 | D:13     | XOM: harmless Summ miscast
 26162 | D:15     | XOM: confuse monster(s)
 26210 | D:15     | XOM: divination: detect items
 26419 | D:15     | Found a staircase to the Depths.
 26589 | D:15     | XOM: cleaving
 26766 | D:15     | XOM: enchant monster (good)
 26847 | D:15     | XOM: noise
 26861 | D:15     | XOM: harmless Erth miscast
 27196 | D:15     | Reached skill level 16 in Unarmed Combat
 27370 | D:12     | XOM: noise
 27423 | D:9      | XOM: harmless Fire miscast
 27654 | Snake:1  | XOM: divination: detect items
 27772 | Snake:1  | XOM: 1-stop teleportation journey
 27797 | Snake:1  | Lost mutation: You are resistant to electric shocks. (rElec) [evolution]
 27910 | Snake:1  | XOM: harmless Erth miscast
 28172 | Snake:1  | Noticed Aizul
 28180 | Snake:1  | XOM: enchant monster (good)
 28207 | Snake:1  | HP: 79/158 [Aizul/bolt of poison (26)]
 28214 | Snake:1  | HP: 109/237 [Aizul (10)]
 28217 | Snake:1  | XOM: summons 4 hostile demons
 28221 | Snake:1  | HP: 110/237 [poisoned by Aizul (bolt of poison)]
 28224 | Snake:1  | XOM: summons 6 hostile demons
 28226 | Snake:1  | HP: 88/237 [poisoned by Aizul (poison arrow)]
 28230 | Snake:1  | HP: 43/237 [Aizul/bolt of poison (7)]
 28231 | Snake:1  | HP: 19/237 [Aizul (13)]
 28232 | Snake:1  | Killed Aizul
 28232 | Snake:1  | Reached XP level 16. HP: 20/166 MP: 23/23
 28236 | Snake:1  | HP: 18/249 [poisoned by Aizul (poison arrow)]
 28241 | Snake:1  | HP: 18/249 [poisoned by Aizul (poison arrow)]
 28246 | Snake:1  | HP: 11/166 [poisoned by Aizul (poison arrow)]
 28249 | Snake:1  | XOM: mild Necr miscast
 28251 | Snake:1  | HP: 13/166 [poisoned by Aizul (poison arrow)]
 28258 | Snake:1  | HP: 18/166 [poisoned by Aizul (poison arrow)]
 28263 | Snake:1  | HP: 22/166 [poisoned by Aizul (poison arrow)]
 28492 | Shoals:1 | Entered Level 1 of the Shoals
 28658 | Shoals:1 | XOM: blink monster(s)
 28660 | Shoals:1 | XOM: cast spell 'Summon Mana Viper'
 28970 | Shoals:1 | Reached skill level 5 in Dodging
 29383 | Shoals:1 | XOM: mild Erth miscast
 29452 | Shoals:1 | XOM: mild Summ miscast
 29706 | Shoals:2 | XOM: harmless Air miscast
 29832 | Shoals:2 | XOM: polymorph harpy -> hornet
 29839 | Shoals:2 | XOM: confuse monster(s)
 29977 | Shoals:2 | XOM: polymorph manticore -> swamp worm
 30093 | Shoals:2 | XOM: summons friendly shadow imp
 30136 | Shoals:2 | XOM: give mutations
 30136 | Shoals:2 | Lost mutation: Your spells are a little harder to cast, but a little more powerful. [Xom's mischief]
 30136 | Shoals:2 | Lost mutation: You possess an exceptional clarity of mind. [Xom's mischief]
 30136 | Shoals:2 | Gained mutation: Scrolls take you a little longer to read. [Xom's mischief]
 30157 | Shoals:2 | Gained mutation: You are partially covered in yellow scales. (AC +2) [evolution]
 30354 | Shoals:3 | XOM: medium Fire miscast
 30356 | Shoals:3 | XOM: silly message
 30358 | Shoals:3 | XOM: cast spell 'Death Channel'
 30361 | Shoals:3 | XOM: divine lightning
 30538 | Shoals:3 | Got a scorched ivory ring
 30581 | Shoals:3 | Identified the ring of Gluttony {MR- Str+2 Int+4 Dex+4 Stlth+} (You found it on level 3 of the Shoals)
 30652 | Shoals:3 | XOM: god gift: runed broad axe {god gift}
 30706 | Shoals:3 | XOM: cloud trail
 30725 | Shoals:3 | Got a jewelled ring mail
 30728 | Shoals:3 | Identified the +3 ring mail of the Realm of Zot {Str+4} (You found it on level 3 of the Shoals)
 30740 | Shoals:3 | XOM: scenery: create altars
 30752 | Shoals:3 | XOM: summons 3 friendly demons
 30876 | Shoals:3 | XOM: enchant monster (good)
 30886 | Shoals:3 | HP: 81/166 [acid (11)]
 30892 | Shoals:3 | HP: 62/166 [oklob plant/splash of acid (12)]
 31043 | Shoals:3 | XOM: enchant monster (good)
 31313 | Shoals:3 | XOM: divination: magic mapping
 31411 | Shoals:3 | Noticed a titan
 31426 | Shoals:3 | XOM: noise
 31428 | Shoals:3 | XOM: cast spell 'Olgreb's Toxic Radiance'
 31431 | Shoals:3 | XOM: divine lightning
 31435 | Shoals:3 | Killed a titan
 31558 | Shoals:3 | XOM: 3-stop teleportation journey
 31714 | Shoals:4 | Entered Level 4 of the Shoals
 31714 | Shoals:4 | Found Owipo's Gadget Boutique.
 31722 | Shoals:4 | Found Vanoc's Assorted Antiques.
 31730 | Shoals:4 | Bought a potion of curing for 87 gold pieces
 31759 | Shoals:4 | XOM: 5-stop teleportation journey
 31765 | Shoals:4 | XOM: summons 16 friendly demons
 31778 | Shoals:4 | XOM: scenery: create altars
 31791 | Shoals:4 | XOM: mild Summ miscast
 31794 | Shoals:4 | XOM: divination: detect creatures
 31810 | Shoals:4 | XOM: chaos upgrade
 31822 | Shoals:4 | Got a barnacled rune of Zot
 31825 | Shoals:4 | XOM: 1-stop teleportation journey
 31834 | Shoals:3 | HP: 84/169 [poisoned by a sea snake]
 31839 | Shoals:3 | HP: 77/169 [poisoned by a sea snake]
 31844 | Shoals:3 | HP: 53/169 [poisoned by a sea snake]
 31849 | Shoals:3 | HP: 37/169 [poisoned by a sea snake]
 31854 | Shoals:3 | HP: 28/169 [poisoned by a sea snake]
 31859 | Shoals:3 | HP: 22/169 [poisoned by a sea snake]
 31864 | Shoals:3 | HP: 19/169 [poisoned by a sea snake]
 31869 | Shoals:3 | HP: 18/169 [poisoned by a sea snake]
 31875 | Shoals:3 | HP: 18/169 [poisoned by a sea snake]
 31882 | Shoals:3 | HP: 21/169 [poisoned by a sea snake]
 31889 | Shoals:3 | HP: 24/169 [poisoned by a sea snake]
 31897 | Shoals:3 | HP: 28/169 [poisoned by a sea snake]
 32092 | Shoals:3 | HP: 84/169 [poisoned by a sea snake]
 32097 | Shoals:3 | HP: 74/169 [poisoned by a sea snake]
 32102 | Shoals:3 | HP: 60/169 [poisoned by a sea snake]
 32105 | Shoals:3 | XOM: noise
 32117 | Shoals:3 | HP: 48/169 [snapping turtle (8)]
 32288 | Shoals:4 | Reached skill level 17 in Unarmed Combat
 32325 | Shoals:4 | Got a pair of faintly glowing gloves
 32328 | Shoals:4 | Identified the +0 pair of gloves of Cuxt {Int+5} (You found it on level 4 of the Shoals)
 32382 | Shoals:4 | XOM: cast spell 'Summon Small Mammal'
 32404 | Shoals:4 | Got a translucent pewter ring
 32420 | Shoals:4 | Found Erexkuokh's Distillery.
 32432 | Shoals:4 | Bought a potion of berserk rage for 95 gold pieces
 32432 | Shoals:4 | Bought a potion of curing for 57 gold pieces
 32432 | Shoals:4 | Bought a potion of flight for 57 gold pieces
 32432 | Shoals:4 | Bought a potion of might for 76 gold pieces
 32432 | Shoals:4 | Bought a potion of haste for 190 gold pieces
 32432 | Shoals:4 | Bought a potion of resistance for 190 gold pieces
 32455 | Shoals:4 | Identified the ring "Saolew" {Wiz MR+ Str+3} (You found it on level 4 of the Shoals)
 32471 | Shoals:4 | XOM: harmless Conj miscast
 32478 | Shoals:4 | XOM: cloud trail
 32496 | Shoals:4 | Noticed Ilsuiw
 32514 | Shoals:4 | XOM: cast spell 'Olgreb's Toxic Radiance'
 32576 | Shoals:4 | Killed Ilsuiw
 32711 | Shoals:4 | Found Fapra's Antique Weapon Shoppe.
 32743 | Shoals:4 | Reached skill level 5 in Evocations
 32759 | Shoals:4 | Reached XP level 17. HP: 177/177 MP: 24/24
 32856 | Shoals:4 | XOM: fake destruction
 32892 | Shoals:4 | Found Othoin's Gadget Shoppe.
 32894 | Shoals:4 | XOM: summons 3 friendly demons
 32899 | Shoals:4 | XOM: swap monsters
 32998 | Shoals:4 | XOM: divination: detect items
 33256 | Snake:2  | Found Qavyn's Antique Weapon Boutique.
 33256 | Snake:2  | Noticed Azrael
 33446 | Snake:2  | XOM: noise
 33455 | Snake:1  | XOM: divination: magic mapping
 33456 | Snake:1  | XOM: summons friendly white imp
 33574 | Snake:2  | Noticed Azrael
 33574 | Snake:2  | Azrael changed into Azrael the hell hog
 33574 | Snake:2  | XOM: polymorph Azrael -> Azrael the hell hog
 33587 | Snake:1  | XOM: snakes to sticks
 33594 | Snake:1  | Killed Azrael the hell hog
 33669 | Snake:2  | XOM: divination: detect items
 33669 | Snake:2  | XOM: smoke on damage
 33673 | Snake:2  | XOM: destruction
 33713 | Snake:1  | XOM: polymorph naga warrior -> redback
 33845 | Snake:2  | XOM: mild Summ miscast
 33877 | Snake:2  | XOM: chaos upgrade
 33907 | Snake:2  | Gained mutation: You have a pair of small horns on your head. [evolution]
 33948 | Snake:2  | XOM: summons friendly iron imp
 33954 | Snake:2  | XOM: cast spell 'Summon Ice Beast'
 33969 | Snake:2  | XOM: divination: magic mapping
 34024 | Snake:2  | XOM: summons friendly crimson imp
 34057 | Snake:2  | XOM: cast spell 'Summon Butterflies'
 34059 | Snake:2  | XOM: divination: detect items
 34074 | Snake:2  | XOM: snakes to sticks
 34074 | Snake:2  | HP: 88/177 [naga ritualist/Olgreb's Toxic Radiance (3)]
 34079 | Snake:2  | HP: 83/177 [poisoned by a naga ritualist (toxic radiance)]
 34084 | Snake:2  | HP: 80/177 [poisoned by a naga ritualist (toxic radiance)]
 34089 | Snake:2  | HP: 72/177 [poisoned by a naga ritualist (toxic radiance)]
 34095 | Snake:1  | HP: 73/177 [poisoned by a naga ritualist (toxic radiance)]
 34100 | Snake:1  | HP: 74/177 [poisoned by a naga ritualist (toxic radiance)]
 34105 | Snake:1  | HP: 76/177 [poisoned by a naga ritualist (toxic radiance)]
 34112 | Snake:1  | HP: 79/177 [poisoned by a naga ritualist (toxic radiance)]
 34120 | Snake:1  | HP: 83/177 [poisoned by a naga ritualist (toxic radiance)]
 34274 | Snake:2  | XOM: blink monster(s)
 34349 | Snake:2  | XOM: mild Necr miscast
 34497 | Snake:2  | Found Vanagua's Book Shoppe.
 34513 | Snake:2  | Found Lokuimawk's Weapon Emporium.
 34992 | Snake:2  | XOM: confusion (+ monsters)
 34996 | Snake:2  | XOM: harmless Summ miscast
 35099 | Snake:2  | XOM: divine lightning
 35131 | Snake:2  | XOM: confuse monster(s)
 35349 | Snake:2  | XOM: divine lightning
 35372 | Snake:2  | XOM: cast spell 'Cause Fear'
 35373 | Snake:2  | XOM: polymorph nagaraja -> frost giant
 35408 | Snake:2  | XOM: god gift: 59 gold pieces
 35622 | Snake:2  | XOM: divination: detect items
 35644 | Snake:2  | XOM: scenery: create altars
 35713 | Snake:3  | XOM: give mutation
 35713 | Snake:3  | Gained mutation: You are extremely robust. (+30% HP) [Xom's grace]
 35762 | Snake:3  | Noticed Vashnia
 35762 | Snake:3  | XOM: enchant monster (good)
 35763 | Snake:3  | XOM: chaos upgrade
 35771 | Snake:3  | XOM: enchant monster (bad)
 35779 | Snake:3  | XOM: blink monster(s)
 35802 | Snake:3  | XOM: confusion
 35808 | Snake:3  | XOM: chaos upgrade
 35809 | Snake:3  | XOM: scenery: create altars
 35965 | Snake:3  | HP: 95/195 [naga sharpshooter/arrow[Vashnia] (16)]
 35970 | Snake:3  | HP: 86/195 [poisoned by Vashnia (splash of poison)]
 35971 | Snake:3  | XOM: confusion
 35983 | Snake:3  | Killed Vashnia
 35983 | Snake:3  | Reached skill level 10 in Armour
 35983 | Snake:3  | Reached skill level 18 in Unarmed Combat
 36117 | Snake:3  | XOM: enchant monster (good)
 36121 | Snake:3  | Noticed Saint Roka
 36124 | Snake:3  | XOM: potion effect (curing)
 36125 | Snake:3  | XOM: noise
 36240 | Snake:2  | Noticed Saint Roka
 36240 | Snake:2  | Saint Roka changed into Saint Roka the shadow dragon
 36240 | Snake:2  | XOM: polymorph Saint Roka -> Saint Roka the shadow dragon
 36241 | Snake:2  | HP: 88/195 [Saint Roka the shadow dragon/bolt of negative energy (35)]
 36242 | Snake:2  | XOM: noise
 36379 | Snake:2  | XOM: divination: detect creatures
 36394 | Snake:2  | HP: 78/195 [Saint Roka the shadow dragon/bolt of negative energy (26)]
 36395 | Snake:2  | Killed Saint Roka the shadow dragon
 36494 | Snake:2  | XOM: harmless Necr miscast
 36555 | Snake:3  | XOM: medium Fire miscast
 36568 | Snake:3  | Noticed Jaiteiro's ghost (journeyman MiFi)
 36573 | Snake:3  | XOM: potion effect (heal wounds)
 36646 | Snake:3  | XOM: noise
 36654 | Snake:3  | XOM: potion effect (invisibility)
 36657 | Snake:3  | XOM: potion effect (curing)
 36661 | Snake:3  | XOM: potion effect (curing)
 36663 | Snake:3  | Noticed Mara
 36669 | Snake:3  | XOM: enchant monster (good)
 36678 | Snake:3  | Killed Jaiteiro's ghost
 36858 | D:9      | XOM: noise
 36884 | D:9      | XOM: give mutation
 36884 | D:9      | Gained mutation: Your muscles are strong. (Str +2) [Xom's grace]
 36914 | D:9      | Found a deep blue altar of Sif Muna.
 37015 | Vaults:1 | Entered Level 1 of the Vaults
 37101 | Vaults:1 | Reached XP level 18. HP: 203/204 MP: 25/25
 37229 | Vaults:1 | XOM: medium Tmut miscast
 37304 | Vaults:1 | XOM: mild Tmut miscast
 37593 | Vaults:1 | XOM: enchant monster (bad)
 37596 | Vaults:1 | XOM: 5-stop teleportation journey
 37687 | Vaults:1 | XOM: swap monsters
 37820 | Vaults:1 | XOM: harmless Pois miscast
 37979 | Vaults:1 | XOM: torment (104/205 hp)
 38068 | Vaults:1 | XOM: severe Tmut miscast
 38068 | Vaults:1 | Lost mutation: You rapidly evolve. [the severe capriciousness of Xom]
 38151 | Vaults:1 | XOM: enchant monster (bad)
 38265 | Vaults:1 | XOM: confuse monster(s)
 38286 | Vaults:1 | XOM: potion effect (invisibility)
 38404 | Vaults:1 | XOM: enchant monster (bad)
 38630 | Vaults:1 | Found Zupt's Weapon Emporium.
 38674 | Vaults:1 | XOM: god gift: 20 arrows
 38746 | Vaults:1 | Noticed a Brimstone Fiend
 38868 | Vaults:1 | XOM: scenery: 1 doors close
 38906 | Vaults:2 | XOM: stealth player
 38950 | Vaults:2 | XOM: summons friendly crimson imp
 38990 | Vaults:2 | XOM: 1-stop teleportation journey
 39012 | Vaults:2 | Found Ridedo's Magic Scroll Emporium.
 39014 | Vaults:2 | Noticed Xtahua
 39029 | Vaults:2 | Noticed Xtahua
 39029 | Vaults:2 | Xtahua changed into Xtahua the titan
 39029 | Vaults:2 | XOM: polymorph Xtahua -> Xtahua the titan
 39031 | Vaults:2 | XOM: summons 7 friendly demons
 39036 | Vaults:2 | XOM: scenery: 1 doors open, 2 doors close
 39042 | Vaults:2 | HP: 77/206 [Xtahua the titan/bolt of lightning (38)]
 39046 | Vaults:2 | Killed Xtahua the titan
 39121 | Vaults:2 | XOM: harmless Fire miscast
 39232 | Vaults:2 | Bought a scroll of blinking for 97 gold pieces
 39232 | Vaults:2 | Bought a scroll of enchant armour for 97 gold pieces
 39288 | Vaults:2 | XOM: noise
 39352 | Vaults:2 | XOM: confuse monster(s)
 39454 | Vaults:2 | XOM: cast spell 'Statue Form'
 39458 | Vaults:2 | XOM: destruction
 39525 | Vaults:2 | Paralysed by a hornet for 1 turns
 39551 | Vaults:2 | XOM: divine lightning
 39557 | Vaults:2 | XOM: scenery: 1 doors close
 39566 | Vaults:2 | XOM: potion effect (haste)
 39575 | Vaults:2 | Reached skill level 10 in Shields
 39575 | Vaults:2 | Reached skill level 19 in Unarmed Combat
 39578 | Vaults:2 | XOM: cast spell 'Summon Butterflies'
 39630 | Vaults:2 | XOM: chaos upgrade
 39692 | Vaults:2 | Found Guuwin's Jewellery Boutique.
 39869 | Vaults:2 | XOM: summons friendly ufetubus
 39872 | Vaults:2 | XOM: divination: detect items
 39879 | Vaults:2 | Reached XP level 19. HP: 210/217 MP: 26/26
 39991 | Vaults:2 | XOM: noise
 39999 | Vaults:2 | XOM: summons 5 friendly demons
 40271 | Vaults:2 | XOM: potion effect (might)
 40281 | Vaults:2 | XOM: confuse monster(s)
 40588 | Vaults:2 | XOM: medium Pois miscast
 40842 | Vaults:3 | XOM: silly message
 40875 | Vaults:3 | XOM: divination: detect items
 40972 | Vaults:3 | XOM: god gift: crooked smoking staff {god gift}
 41286 | Vaults:3 | XOM: summons friendly shadow imp
 41405 | Vaults:3 | XOM: scenery: 1 doors open
 41413 | Vaults:3 | XOM: fog
 41418 | Vaults:3 | XOM: enchant monster (good)
 41433 | Vaults:3 | XOM: cleaving
 41445 | Vaults:3 | XOM: god gift: oblong hardcover book {god gift}
 41508 | Vaults:3 | Learned a level 2 spell: Passwall
 41513 | Vaults:3 | Learned a level 4 spell: Passage of Golubria
 41621 | Vaults:3 | XOM: enchant monster (good)
 41873 | Vaults:3 | Noticed a golden dragon
 41873 | Vaults:3 | Reached skill level 20 in Unarmed Combat
 41883 | Vaults:3 | HP: 95/219 [golden dragon (23)]
 41891 | Vaults:3 | HP: 98/219 [golden dragon] (1)]
 41896 | Vaults:3 | HP: 87/219 [poisoned by a golden dragon (poison gas)]
 41901 | Vaults:3 | HP: 82/219 [poisoned by a golden dragon (poison gas)]
 41906 | Vaults:3 | HP: 79/219 [poisoned by a golden dragon (poison gas)]
 41911 | Vaults:3 | HP: 77/219 [poisoned by a golden dragon (poison gas)]
 41916 | Vaults:3 | HP: 76/219 [poisoned by a golden dragon (poison gas)]
 41921 | Vaults:3 | HP: 76/219 [poisoned by a golden dragon (poison gas)]
 41928 | Vaults:3 | HP: 77/219 [poisoned by a golden dragon (poison gas)]
 41934 | Vaults:2 | HP: 80/219 [poisoned by a golden dragon (poison gas)]
 41941 | Vaults:2 | HP: 84/219 [poisoned by a golden dragon (poison gas)]
 41949 | Vaults:2 | HP: 89/219 [poisoned by a golden dragon (poison gas)]
 41994 | Vaults:2 | XOM: cloud trail
 42234 | Vaults:3 | XOM: 1-stop teleportation journey
 42257 | Vaults:3 | XOM: destruction
 42278 | Vaults:3 | XOM: divination: detect creatures
 42280 | Vaults:3 | XOM: summons friendly shadow imp
 42282 | Vaults:3 | HP: 107/219 [disintegration (4)]
 42285 | Vaults:3 | XOM: blink monster(s)
 42287 | Vaults:3 | HP: 101/219 [poisoned by an ironheart preserver]
 42292 | Vaults:3 | HP: 86/219 [poisoned by an ironheart preserver]
 42297 | Vaults:3 | HP: 74/219 [poisoned by an ironheart preserver]
 42302 | Vaults:3 | HP: 41/219 [ice dragon/blast of cold (6)]
 42307 | Vaults:3 | HP: 39/219 [ice dragon (4)]
 42314 | Vaults:3 | HP: 36/219 [ice dragon/blast of cold (19)]
 42320 | Vaults:3 | XOM: blink monster(s)
 42320 | Vaults:3 | HP: 31/328 [stone giant (11)]
 42332 | Vaults:3 | HP: 24/219 [poisoned by an ironheart preserver]
 42353 | Vaults:3 | HP: 19/219 [deep elf annihilator/bolt of lightning (26)]
 42466 | Vaults:3 | XOM: summons 3 hostile demons
 42533 | Vaults:3 | XOM: give mutations
 42533 | Vaults:3 | Lost mutation: Scrolls take you a little longer to read. [Xom's mischief]
 42533 | Vaults:3 | Gained mutation: You have supernaturally acute eyesight. (SInv) [Xom's mischief]
 42533 | Vaults:3 | Lost mutation: Your body sometimes deteriorates upon taking damage. [Xom's mischief]
 42533 | Vaults:3 | Gained mutation: You are clumsy. (Dex -2) [Xom's mischief]
 42533 | Vaults:3 | Gained mutation: Your spells are a little harder to cast, but a little more powerful. [Xom's mischief]
 42564 | Vaults:3 | Got a translucent tin ring
 42566 | Vaults:3 | Identified the cursed ring "Wuunki" {rC- Dex+6 Slay-2} (You took it off a vault sentinel on level 3 of the Vaults)
 42629 | Vaults:3 | Identified the Compendium of Moulding
 42638 | Vaults:3 | XOM: mild Fire miscast
 42741 | Vaults:3 | Reached skill level 15 in Fighting
 42756 | Vaults:3 | Lost mutation: You are clumsy. (Dex -2) [evolution]
 42938 | Vaults:3 | XOM: polymorph titan -> iron dragon
 42944 | Vaults:3 | XOM: enchant monster (bad)
 42946 | Vaults:3 | XOM: scenery: 2 doors close
 42948 | Vaults:3 | XOM: swap monsters
 43043 | Vaults:3 | Found a staircase to the Crypt.
 43043 | Vaults:3 | Found an ancient bone altar of Kikubaaqudgha.
 43044 | Vaults:3 | Found a basalt altar of Yredelemnul.
 43192 | Vaults:3 | Killed a golden dragon
 43192 | Vaults:3 | Reached XP level 20. HP: 226/226 MP: 27/27
 43196 | Vaults:3 | Got an ancient large shield
 43207 | Vaults:3 | Identified the +0 large shield of Pooxol {rC+++} (You acquired it on level 3 of the Vaults)
 43324 | Crypt:1  | Entered Level 1 of the Crypt
 43340 | Crypt:1  | XOM: chaos upgrade
 43483 | Vaults:4 | Got a coiled glass ring
 43484 | Vaults:4 | Identified the ring "Caonut" {*Drain rF+++ rC+ Slay+2 Stlth+} (You found it on level 4 of the Vaults)
 43605 | Vaults:4 | XOM: summons 3 hostile demons
 43630 | Vaults:4 | Found Ugiurali's Armour Shop.
 43630 | Vaults:4 | XOM: 3-stop teleportation journey
 43693 | Vaults:4 | XOM: draining
 43698 | Vaults:4 | XOM: potion effect (invisibility)
 43766 | Vaults:4 | XOM: harmless Air miscast
 44223 | Vaults:4 | XOM: summons 1 hostile shadow creature
 44557 | Vaults:4 | XOM: mild Necr miscast
 44752 | Vaults:4 | XOM: give mutations
 44752 | Vaults:4 | Gained mutation: Your body sometimes deteriorates upon taking damage. [Xom's mischief]
 44752 | Vaults:4 | Lost mutation: Your body sometimes deteriorates upon taking damage. [Xom's mischief]
 44752 | Vaults:4 | Lost mutation: Your muscles are strong. (Str +2) [Xom's mischief]
 44752 | Vaults:4 | Lost mutation: You have a pair of small horns on your head. [Xom's mischief]
 44804 | Vaults:4 | XOM: chaos upgrade
 44930 | Vaults:4 | XOM: summons 6 hostile demons
 45051 | Vaults:4 | XOM: noise
 45057 | Vaults:4 | XOM: give mutation
 45057 | Vaults:4 | Lost mutation: Your spells are a little harder to cast, but a little more powerful. [Xom's mischief]
 45074 | Vaults:3 | XOM: noise
 45239 | Depths:1 | Entered Level 1 of the Depths
 45240 | Depths:1 | XOM: enchant monster (bad)
 45318 | Depths:1 | Found Tiruwkoj's Magic Scroll Shop.
 45318 | Depths:1 | XOM: 1-stop teleportation journey
 45323 | Depths:1 | XOM: harmless Erth miscast
 45343 | Depths:1 | Found a gateway to a ziggurat.
 45458 | Depths:1 | Bought a scroll of teleportation for 69 gold pieces
 45499 | Depths:1 | XOM: noise
 45558 | Depths:1 | XOM: enchant monster (good)
 45559 | Depths:1 | Reached skill level 5 in Spellcasting
 45591 | Depths:1 | XOM: give mutation
 45621 | Depths:1 | XOM: stat loss: -1 Int (15/16)
 45631 | Depths:1 | XOM: swap monsters
 45641 | Depths:1 | XOM: cleaving
 45648 | Depths:1 | HP: 108/225 [flayed ghost/flay_damage (38)]
 45658 | Depths:1 | XOM: 2-stop teleportation journey
 45712 | Depths:1 | XOM: mild Pois miscast
 45775 | Depths:1 | XOM: enchant monster (bad)
 45893 | Depths:1 | Noticed a juggernaut
 45910 | Depths:1 | XOM: fog
 45916 | Depths:1 | Killed a juggernaut
 45968 | Depths:1 | Found a huge runed gate.
 45969 | Depths:1 | Found a huge runed gate.
 45970 | Depths:1 | Found a huge runed gate.
 45970 | Depths:1 | Found a huge runed gate.
 45973 | Depths:1 | Found a huge runed gate.
 45975 | Depths:1 | Found a huge runed gate.
 45975 | Depths:1 | Found a huge runed gate.
 45975 | Depths:1 | Found a huge runed gate.
 45975 | Depths:1 | Found a huge runed gate.
 45976 | Depths:1 | Found a huge runed gate.
 45979 | Depths:1 | Found a huge runed gate.
 45983 | Depths:1 | Found a huge runed gate.
 45984 | Depths:1 | Found a huge runed gate.
 45985 | Depths:1 | Found a huge runed gate.
 45986 | Depths:1 | Found a huge runed gate.
 45986 | Depths:1 | Found a huge runed gate.
 45989 | Depths:1 | Found a huge runed gate.
 45989 | Depths:1 | Found a huge runed gate.
 45989 | Depths:1 | Found a huge runed gate.
 45989 | Depths:1 | Found a huge runed gate.
 45989 | Depths:1 | Found a huge runed gate.
 45989 | Depths:1 | Found a huge runed gate.
 45989 | Depths:1 | Found a huge runed gate.
 45990 | Depths:1 | Found a huge runed gate.
 46072 | Depths:1 | Gained mutation: You occasionally shout uncontrollably at your foes. [mutagenic glow]
 46149 | Depths:1 | XOM: give mutation
 46149 | Depths:1 | Lost mutation: You are partially covered in large bone plates. (SH +4) [Xom's mischief]
 46300 | Depths:1 | XOM: enchant monster (bad)
 46339 | Depths:1 | Found a gateway to Hell.
 46454 | Depths:1 | Found a huge runed gate.
 46454 | Depths:1 | Found a huge runed gate.
 46454 | Depths:1 | Found a huge runed gate.
 46454 | Depths:1 | Found a huge runed gate.
 46454 | Depths:1 | Found a huge runed gate.
 46454 | Depths:1 | Found a huge runed gate.
 46471 | Depths:2 | XOM: swap monsters
 46483 | Depths:2 | XOM: divination: detect items
 46487 | Depths:2 | HP: 112/225 [poisoned by a green very ugly thing]
 46492 | Depths:1 | HP: 102/225 [poisoned by a green very ugly thing]
 46497 | Depths:1 | HP: 96/225 [poisoned by a green very ugly thing]
 46685 | Vaults:2 | Bought an uncursed ring of poison resistance for 280 gold pieces
 46866 | Depths:1 | HP: 109/230 [deep troll (12)]
 46878 | Depths:1 | HP: 111/230 [yaktaur (5)]
 46888 | Depths:1 | HP: 96/230 [very large slime creature (20)]
 47039 | Depths:1 | XOM: harmless Tloc miscast
 47064 | Depths:1 | Reached skill level 10 in Transmutations
 47139 | Depths:1 | XOM: god gift: 28 gold pieces
 47221 | Depths:2 | XOM: confuse monster(s)
 47225 | Depths:2 | XOM: cast spell 'Leda's Liquefaction'
 47260 | Depths:2 | XOM: cleaving
 47285 | Depths:2 | XOM: confuse monster(s)
 47297 | Depths:2 | XOM: polymorph green ugly thing -> fire dragon
 47301 | Depths:2 | XOM: polymorph deep troll -> shock serpent
 47400 | Depths:2 | XOM: scenery: create altars
 47501 | Depths:2 | XOM: 7-stop teleportation journey
 47526 | Depths:2 | XOM: summons 8 friendly demons
 47528 | Depths:2 | XOM: scenery: 1 doors close
 47538 | Depths:2 | XOM: cast spell 'Shadow Creatures'
 47641 | Depths:2 | XOM: 1-stop teleportation journey
 47648 | Depths:2 | XOM: mild Conj miscast
 47709 | Depths:2 | Reached XP level 21. HP: 173/238 MP: 28/30
 47887 | Depths:2 | XOM: harmless Necr miscast
 47971 | Depths:2 | XOM: summons friendly crimson imp
 47977 | Depths:2 | Reached skill level 10 in Earth Magic
 48276 | Depths:2 | XOM: divination: magic mapping
 48277 | Depths:2 | XOM: summons 2 friendly demons
 48382 | Depths:2 | XOM: harmless Erth miscast
 48478 | Depths:3 | XOM: enchant monster (good)
 48487 | Depths:3 | XOM: divination: detect creatures
 48497 | Depths:3 | XOM: confusion (+ monsters)
 48498 | Depths:3 | XOM: cast spell 'Summon Small Mammal'
 48499 | Depths:3 | XOM: summons 2 friendly demons
 48505 | Depths:3 | XOM: summons friendly white imp
 48519 | Depths:3 | XOM: polymorph deep troll shaman -> satyr
 48522 | Depths:3 | XOM: noise
 48527 | Depths:3 | XOM: summons 7 friendly demons
 48534 | Depths:3 | HP: 119/238 [deep troll (8)]
 48537 | Depths:3 | XOM: summons friendly iron imp
 48552 | Depths:3 | HP: 64/238 [deep troll (20)]
 48557 | Depths:3 | HP: 55/238 [iron troll (7)]
 48563 | Depths:3 | HP: 52/238 [iron troll (7)]
 48593 | Depths:3 | HP: 66/238 [centaur warrior/arrow (6)]
 48594 | Depths:3 | HP: 26/238 [lich/bolt of lightning (41)]
 48604 | Depths:3 | HP: 48/239 [centaur warrior (8)]
 48724 | Depths:2 | XOM: medium Conj miscast
 48854 | Depths:3 | Noticed Nikola
 48858 | Depths:3 | XOM: summons 2 friendly demons
 48868 | Depths:3 | XOM: harmless Ice miscast
 48882 | Depths:3 | XOM: summons 4 friendly demons
 48999 | Depths:3 | XOM: potion effect (invisibility)
 49004 | Depths:3 | XOM: cast spell 'Disjunction'
 49020 | Depths:3 | XOM: summons 3 friendly demons
 49458 | Depths:2 | XOM: noise
 49464 | Depths:2 | HP: 111/239 [Nikola/chain lightning (30)]
 49475 | Depths:2 | Killed Nikola
 49570 | Depths:2 | XOM: scenery: 1 doors close
 49649 | Depths:2 | XOM: summons 14 friendly demons
 49690 | Depths:2 | XOM: give mutations
 49690 | Depths:2 | Lost mutation: You have supernaturally acute eyesight. (SInv) [Xom's mischief]
 49690 | Depths:2 | Gained mutation: Scrolls take you a little longer to read. [Xom's mischief]
 49916 | Depths:3 | XOM: noise
 49929 | Depths:3 | HP: 96/239 [flayed ghost/flay_damage (38)]
 50305 | Depths:3 | XOM: divination: magic mapping
 50317 | Depths:3 | XOM: summons 3 friendly demons
 50402 | Depths:3 | Identified the Volume of Oenomania
 50419 | Depths:3 | Noticed Jory
 50436 | Depths:3 | XOM: god gift: 5 needles of confusion
 50444 | Depths:3 | XOM: summons friendly iron imp
 50450 | Depths:3 | XOM: summons friendly quasit
 50462 | Depths:3 | Killed Jory
 50631 | Depths:3 | HP: 97/240 [flayed ghost/flay_damage (36)]
 50640 | Depths:3 | HP: 46/240 [flayed ghost/flay_damage (26)]
 50644 | Depths:3 | HP: 20/240 [something (9)]
 50733 | Depths:3 | XOM: fog
 50744 | Depths:3 | Noticed a caustic shrike
 50765 | Depths:3 | Killed a caustic shrike
 50877 | Depths:3 | Noticed Frederick
 50884 | Depths:3 | XOM: enchant monster (good)
 51010 | Depths:3 | XOM: confuse monster(s)
 51025 | Depths:3 | Killed Frederick
 51117 | Depths:3 | Found a one-way gate leading to the halls of Pandemonium.
 51127 | Depths:3 | XOM: scenery: 6 doors close
 51275 | Depths:3 | XOM: cloud trail
 51352 | Depths:3 | XOM: god gift: giant spiked club {god gift}
 51416 | Depths:3 | Identified the Guide on Execration
 51548 | Depths:4 | XOM: summons 5 friendly demons
 51591 | Depths:4 | XOM: enchant monster (good)
 51593 | Depths:4 | XOM: divination: detect items
 51655 | Depths:4 | XOM: summons friendly shadow imp
 51660 | Depths:4 | XOM: summons 1 hostile demon
 51661 | Depths:4 | XOM: confuse monster(s)
 51749 | Depths:4 | Noticed a golden dragon
 51750 | Depths:4 | Noticed a juggernaut
 51754 | Depths:4 | XOM: enchant monster (good)
 51755 | Depths:4 | Noticed a caustic shrike
 51756 | Depths:4 | HP: 103/240 [flayed ghost/flay_damage (38)]
 51758 | Depths:4 | XOM: cast spell 'Discord'
 51785 | Depths:4 | Killed a juggernaut
 51785 | Depths:4 | Reached skill level 21 in Unarmed Combat
 51785 | Depths:4 | Reached XP level 22. HP: 191/250 MP: 33/33
 51786 | Depths:4 | XOM: divine lightning
 51791 | Depths:4 | Killed a golden dragon
 51814 | Depths:4 | Killed a caustic shrike
 51826 | Depths:4 | Noticed a golden dragon
 51829 | Depths:4 | XOM: cast spell 'Discord'
 51840 | Depths:4 | XOM: fog
 51849 | Depths:3 | Killed a golden dragon
 51964 | Depths:4 | XOM: noise
 52017 | Depths:4 | XOM: confusion (+ monsters)
 52029 | Depths:4 | XOM: divination: magic mapping
 52035 | Depths:4 | XOM: 1-stop teleportation journey
 52166 | Depths:4 | XOM: scenery: create altars
 52177 | Depths:4 | XOM: god gift: ration
 52350 | Depths:4 | Found Nienkosch's Assorted Antiques.
 52365 | Depths:4 | Bought an encrusted buckler for 294 gold pieces
 52367 | Depths:4 | Identified the cursed -1 buckler "Gashrahea" {rPois Str+5 Dex-5} (You bought it in a shop on level 4 of the Depths)
 52436 | Depths:4 | XOM: summons 1 hostile shadow creature
 52506 | Depths:4 | Found a one-way gate to the infinite horrors of the Abyss.
 52722 | Depths:4 | Noticed microfolk's ghost (veteran MiAK)
 52749 | Depths:4 | XOM: enchant monster (good)
 52763 | Depths:4 | XOM: fog
 52765 | Depths:4 | XOM: cleaving
 52772 | Depths:4 | XOM: cleaving
 52779 | Depths:4 | XOM: fog
 52884 | Depths:4 | XOM: cleaving
 53062 | Depths:4 | XOM: cast spell 'Summon Small Mammal'
 53072 | Depths:4 | XOM: divination: detect creatures
 53075 | Depths:4 | XOM: confuse monster(s)
 53089 | Depths:4 | XOM: god gift: ration
 53130 | Depths:4 | HP: 126/252 [microfolk's ghost (10)]
 53141 | Depths:4 | HP: 95/252 [microfolk's ghost (27)]
 53146 | Depths:4 | Killed microfolk's ghost
 53252 | Depths:4 | XOM: god gift: 25 gold pieces
 53559 | Depths:4 | You fall through a shaft!
 53559 | Depths:5 | Entered Level 5 of the Depths
 53565 | Depths:5 | Noticed a juggernaut
 53577 | Depths:5 | XOM: cleaving
 53593 | Depths:5 | Killed a juggernaut
 53664 | Depths:5 | XOM: potion effect (berserk rage)
 53776 | Depths:5 | XOM: polymorph spark wasp -> ice dragon
 53800 | Depths:5 | XOM: divination: magic mapping
 53817 | Depths:5 | XOM: summons friendly quasit
 53840 | Depths:4 | HP: 124/252 [spark wasp (15)]
 53851 | Depths:4 | HP: 114/252 [spark wasp (16)]
 53860 | Depths:4 | HP: 114/252 [spark wasp/living lightning (5)]
 54087 | Depths:5 | XOM: cast spell 'Ring of Flames'
 54113 | Depths:5 | Reached skill level 1 in Necromancy
 54146 | Depths:5 | Learned a level 5 spell: Lee's Rapid Deconstruction
 54168 | Depths:5 | XOM: god gift: ration
 54345 | Depths:5 | Noticed Sojobo
 54376 | Depths:5 | Killed Sojobo
 54556 | Depths:5 | XOM: confuse monster(s)
 54565 | Depths:5 | HP: 114/253 [titan/the air (29)]
 54570 | Depths:5 | HP: 87/253 [purple draconian/bolt of dispelling energy (10)]
 54576 | Depths:5 | HP: 89/253 [yellow draconian/glob of acid (2)]
 54588 | Depths:5 | HP: 48/253 [purple draconian/bolt of dispelling energy (35)]
 54592 | Depths:5 | HP: 15/253 [purple draconian/bolt of dispelling energy (35)]
 54615 | Depths:5 | XOM: scenery: 1 doors open, 3 doors close
 55066 | Depths:5 | XOM: summons 2 friendly demons
 55072 | Depths:5 | XOM: confuse monster(s)
 55115 | Depths:5 | XOM: fog
 55228 | Depths:5 | Found a gate to the Realm of Zot.
 55242 | Depths:5 | XOM: cast spell 'Call Canine Familiar'
 55479 | Depths:5 | Found Suden's Food Shoppe.
 55518 | Depths:5 | Noticed Margery
 55551 | Depths:5 | XOM: enchant monster (bad)
 55553 | Depths:5 | XOM: confusion
 55561 | Depths:5 | XOM: harmless Pois miscast
 55570 | Depths:5 | XOM: enchant monster (bad)
 55581 | Depths:5 | XOM: blink monster(s)
 55583 | Depths:5 | HP: 91/253 [xom (88)]
 55583 | Depths:5 | XOM: torment (91/253 hp)
 55588 | Depths:5 | Killed Margery
 55588 | Depths:5 | XOM: god gift: pair of pitted boots {god gift}
 55607 | Depths:5 | Identified the cursed +0 pair of boots of Contentment {rC- Regen+ Str-5 Dex+8} (Xom gifted it to you on level 5 of the Depths)
 55669 | Depths:5 | XOM: god gift: 34 gold pieces
 55900 | Depths:5 | XOM: fog
 55972 | Depths:5 | XOM: scenery: 1 doors close
 55992 | Depths:5 | Reached XP level 23. HP: 253/262 MP: 35/35
 56160 | Depths:5 | XOM: confusion (+ monsters)
 56164 | Depths:5 | XOM: enchant monster (good)
 56181 | Depths:5 | XOM: cloud trail
 56250 | Depths:5 | XOM: give mutations
 56250 | Depths:5 | Lost mutation: Your natural rate of healing is unusually fast. [Xom's mischief]
 56250 | Depths:5 | Lost mutation: Scrolls take you a little longer to read. [Xom's mischief]
 56250 | Depths:5 | Lost mutation: You occasionally shout uncontrollably at your foes. [Xom's mischief]
 56250 | Depths:5 | Lost mutation: You are extremely robust. (+30% HP) [Xom's mischief]
 56634 | D:15     | XOM: harmless Erth miscast
 56731 | D:11     | XOM: mild Chrm miscast
 56804 | Elf:1    | Entered Level 1 of the Elven Halls
 56861 | Elf:1    | XOM: confuse monster(s)
 57200 | Elf:1    | Found Nyisaree's Jewellery Shop.
 57211 | Elf:1    | XOM: potion effect (berserk rage)
 57481 | Elf:1    | XOM: potion effect (might)
 57508 | Elf:1    | Reached skill level 5 in Necromancy
 57702 | Elf:1    | XOM: harmless Air miscast
 57946 | Elf:1    | XOM: give mutations
 57946 | Elf:1    | Gained mutation: Your system is resistant to poisons. (rPois) [Xom's grace]
 57946 | Elf:1    | Gained mutation: You are partially covered in rugged brown scales. (AC +1, +3% HP) [Xom's grace]
 58226 | Elf:1    | XOM: 5-stop teleportation journey
 58544 | Elf:2    | XOM: cast spell 'Ring of Flames'
 58564 | Elf:2    | XOM: divination: detect creatures
 58581 | Elf:2    | XOM: fake destruction
 58680 | Elf:2    | XOM: noise
 59112 | Elf:2    | Found a runed gate.
 59112 | Elf:2    | Found a runed gate.
 59112 | Elf:2    | Found a runed gate.
 59123 | Elf:2    | Noticed Donald
 59137 | Elf:2    | XOM: swap monsters
 59143 | Elf:2    | XOM: confusion
 59157 | Elf:2    | Killed Donald
 59221 | Elf:2    | XOM: give mutations
 59221 | Elf:2    | Gained mutation: You are clumsy. (Dex -2) [Xom's mischief]
 59221 | Elf:2    | Lost mutation: You are partially covered in rugged brown scales. (AC +1, +3% HP) [Xom's mischief]
 59221 | Elf:2    | Gained mutation: Potions are less effective at restoring your health. [Xom's mischief]
 59245 | Elf:2    | XOM: stat loss: -1 Int (16/17)
 59247 | Elf:2    | XOM: give mutations
 59247 | Elf:2    | Lost mutation: You evolve. [Xom's mischief]
 59247 | Elf:2    | Gained mutation: You are somewhat resistant to further mutation. [Xom's mischief]
 59247 | Elf:2    | Gained mutation: You occasionally shout uncontrollably at your foes. [Xom's mischief]
 59328 | Elf:2    | XOM: medium Fire miscast
 59331 | Elf:2    | Reached skill level 22 in Unarmed Combat
 59335 | Elf:2    | XOM: enchant monster (bad)
 59342 | Elf:2    | XOM: swap monsters
 59517 | Elf:2    | XOM: noise
 59534 | Elf:2    | XOM: chaos upgrade
 59535 | Elf:2    | XOM: scenery: 4 doors close
 59549 | Elf:2    | XOM: confusion
 59562 | Elf:2    | XOM: mild Necr miscast
 59568 | Elf:2    | XOM: mild Ice miscast
 59703 | Elf:3    | Entered Level 3 of the Elven Halls
 59703 | Elf:3    | Found a radiant altar of Vehumet.
 59860 | Elf:3    | Found Satuforch's Weapon Emporium.
 60112 | Elf:3    | XOM: mild Conj miscast
 60119 | Elf:3    | XOM: silly message
 60144 | Elf:3    | XOM: enchant monster (bad)
 60163 | Elf:3    | XOM: confuse monster(s)
 60166 | Elf:3    | XOM: destruction
 60181 | Elf:3    | XOM: chaos upgrade
 60194 | Elf:3    | XOM: enchant monster (bad)
 60194 | Elf:3    | HP: 113/242 [deep elf death mage/bolt of negative energy (37)]
 60200 | Elf:3    | XOM: divination: magic mapping
 60215 | Elf:3    | HP: 119/242 [fire elemental[a deep elf mage] (1)]
 60224 | Elf:3    | XOM: 3-stop teleportation journey
 60225 | Elf:3    | HP: 116/242 [deep elf sorcerer/damnation (6)]
 60234 | Elf:3    | XOM: potion effect (might)
 60235 | Elf:3    | Reached skill level 1 in Charms
 60245 | Elf:3    | HP: 82/242 [smoke demon/divine providence[a deep elf demonologist] (9)]
 60259 | Elf:3    | HP: 75/242 [deep elf sorcerer/rapier (5)]
 60262 | Elf:3    | HP: 37/242 [deep elf annihilator/bolt of lightning (39)]
 60262 | Elf:3    | Killed from afar by a deep elf annihilator

Skill      XL: |  1  2  3  4  5  6  7  8  9 10 11 12 13 14 15 16 17 18 19 20 21 22 23 |
---------------+----------------------------------------------------------------------+-----
Unarmed Combat | 4 5 6 7 9 10 12 13 14 15 16 17 18 19 20 21 22 | 22.1
Fighting       | 4 5 6 7 8 9 10 11 12 13 14 15 16 | 16.5
Armour         | 2 3 4 5 6 7 8 9 10 11 12 | 12.9
Shields        | 1 2 5 6 7 8 9 10 11 12 | 12.3
Dodging        | 1 3 4 5 6 |  6.7
Evocations     | 3 5 6 |  6.0
Transmutations | 4 7 8 10 12 | 12.0
Spellcasting   | 1 4 6 7 8 9 |  9.0
Earth Magic    | 6 7 9 11 12 | 12.8
Necromancy     | 3 6 |  6.5
Charms         | 1 |  1.2

Action                   |  1- 3 |  4- 6 |  7- 9 | 10-12 | 13-15 | 16-18 | 19-21 | 22-24 || total
-------------------------+-------+-------+-------+-------+-------+-------+-------+-------++-------
Melee: Unarmed           |   146 |   146 |   306 |   715 |  2185 |  1908 |  1946 |  1456 ||  8808
       Kick              |    26 |    38 |    65 |   223 |   633 |   677 |   758 |   422 ||  2842
       Punch             |       |     2 |     1 |       |       |       |       |       ||     3
       Headbutt          |       |       |    26 |   123 |   224 |   215 |   223 |       ||   811
Throw: Throwing net      |       |       |       |       |       |       |       |     4 ||     4
 Abil: Evoke Flight      |       |       |       |       |       |       |       |     3 ||     3
Evoke: Wand              |       |       |       |    13 |    11 |    19 |     2 |     3 ||    48
  Use: Scroll            |       |    13 |    11 |     9 |    11 |    11 |     7 |     4 ||    66
       Potion            |       |       |       |     1 |     2 |     3 |     5 |     1 ||    12
 Stab: Confused          |       |       |     1 |     4 |     8 |     8 |    11 |     6 ||    38
       Betrayed ally     |       |       |       |     1 |       |       |       |       ||     1
       Distracted        |       |       |       |       |     2 |     3 |       |       ||     5
       Paralysed         |       |       |       |       |     1 |       |     5 |       ||     6
       Invisible         |       |       |       |       |       |     7 |     8 |       ||    15
       Sleeping          |       |       |       |       |       |     1 |     2 |       ||     3
       Held in net/web   |       |       |       |       |       |       |       |     2 ||     2
  Eat: Chunk             |     1 |     6 |     8 |    17 |    30 |    31 |    28 |    25 ||   146
       Ration            |       |       |     2 |       |     3 |     1 |     2 |       ||     8
Armor: Leather armour    |    60 |       |       |       |       |       |       |       ||    60
       Scale mail        |    12 |    54 |    29 |       |       |       |       |       ||    95
       Quicksilver drago |       |       |   110 |   381 |   751 |   741 |   642 |   414 ||  3039
       Skin              |       |       |       |       |    20 |    13 |       |       ||    33
Dodge: Dodged            |    74 |    48 |    83 |   259 |   379 |   251 |   259 |   125 ||  1478
Block: Other             |       |    12 |       |       |       |       |       |       ||    12
       Buckler           |       |       |    58 |    85 |       |       |       |       ||   143
       Shield            |       |       |       |    83 |  1063 |       |       |       ||  1146
       Reflection        |       |       |       |       |    71 |   227 |   113 |    71 ||   482
       Large shield      |       |       |       |       |   496 |  2215 |  1887 |  1198 ||  5796

Vault maps used:
D:1:      saegor_arrival_simple_a
D:2:      kennysheep_slug_shrine, hangedman_decor_slide_cut,
          hangedman_decor_peaks_small, uniq_robin
D:3:      lemuel_doored_altar, first_ration
D:4:      gammafunk_temple_overflow_arena, nicolae_dithmenos_shadow_blocks,
          grunt_temple_overflow_growth_and_decay, minmay_temple_entry_crystal_x,
          lemuel_tele_altar
D:5:      gammafunk_temple_overflow_pools
D:7:      cheibrodos_two_vegetables
D:8:      serial_shops, kennysheep_mini_moat
D:9:      nicolae_overflow_hidden_temple, lair_entry_dummy, orc_0_dummy
D:10:     grunt_ogre_cave
D:11:     hangedman_incinerator
D:12:     st_stairs_6, uniq_urug, uniq_sonja
D:13:     cheibrodos_ideogram_h, david_vaults_1, serial_shops, shop,
          fedhas_bush_and_centaur_altar, uniq_kirke
D:14:     minmay_misc_feat_roman, serial_shops, shop_fountains
D:15:     hangedman_depths_entry_civil_slaughter, uniq_nessos
Lair:2:   elwin_shoals_entry_stream, minmay_snake_entry_six_corridors,
          minmay_lair_oklob_chamber, uniq_harold
Lair:3:   beast_lair_carwin_8
Lair:4:   minmay_another_anthill, grunt_megastairs_5
Lair:5:   slime_altar_1, grunt_megastairs_3, infiniplex_staircase_pool_2
Lair:6:   minmay_lair_end_enchanted_forest
Shoals:1: nicolae_shoals_dead_sea_scrolls
Shoals:2: hangedman_shoal_volcano
Shoals:3: cheibrodos_shoals_gigantism, nicolae_shoals_this_corrosion
Shoals:4: shoals_end_grunt_garden, shoal_ilsuiw, serial_shops, shop, shop,
          shop_fountains, nicolae_shop_crystal, shop
Snake:1:  uniq_aizul
Snake:2:  kennysheep_snake, serial_shops, shop, grunt_ministairs_6,
          hangedman_snake_wide_pillar_pass, minmay_shoptagon, uniq_azrael
Snake:3:  uniq_saint_roka, uniq_vashnia, uniq_mara
Slime:1:  nicolae_slime_phagocytosis
Orc:2:    grunt_orc_community_town_hall, grunt_orc_community_big_house_2,
          grunt_orc_community_big_house_2, grunt_orc_community_house_1,
          grunt_orc_community_house_2, grunt_orc_community_house_3,
          grunt_orc_community_house_2, grunt_orc_community_house_2,
          serial_shops, nicolae_shop_trees
Elf:1:    special_room, serial_shops, shop, serial_sigils,
          serial_sigils_hangedman_etch, serial_sigils_hangedman_quiver,
          serial_sigils_hangedman_scar, serial_sigils_hangedman_gnaw,
          serial_sigils_hangedman_carve, evilmike_minifort
Elf:2:    uniq_donald
Elf:3:    grunt_elf_hall_diamonds, serial_shops, shop, basic_altar,
          glass_columns_c, grunt_ministairs_3
Vaults:1: grunt_vaults_funnel, nicolae_vaults_puzzle_piece, v_misc_17,
          nicolae_vaults_circle_grid_b, nicolae_vaults_little_squares_2,
          v_pattern_3, hangedman_vaults_maws, grunt_vaults_diagonal,
          nicolae_vaults_ring_of_whatevers, serial_shops,
          nicolae_shop_statue_plus
Vaults:2: hangedman_vaults_capsules, nicolae_vaults_network_barrier,
          hangedman_vaults_locks, nicolae_vaults_back_hallway,
          hangedman_vaults_stitches, vaults_room_grunt_arrival_ludios,
          nicolae_vaults_display_case, serial_ice_m, vaults_standard_mumra_x,
          grunt_vaults_bifocal, serial_shops, shop, shop_fountains, uniq_xtahua
Vaults:3: minmay_crypt_entry_necro_gods, v_pattern_1, st_greater_box_4,
          v_misc_17, v_misc_3, nicolae_vaults_mini_display_case,
          nicolae_vaults_circle_grid_a, dpeg_vaults_monster_box,
          nicolae_vaults_network_star, nicolae_vaults_shelves_hall,
          nicolae_vaults_ring_of_whatevers
Vaults:4: hangedman_vaults_stretched_pinwheel, v_misc_9, v_misc_12,
          vaults_room_stairs_pillars, ontoclasm_vaults_gateway, v_alt_pattern_4,
          hangedman_vaults_trim, nicolae_vaults_windows_and_doors_thing,
          nicolae_vaults_asterisk, v_misc_4, serial_shops,
          nicolae_shop_statue_plus
Crypt:1:  st_stairs_10
Depths:1: minmay_the_grid_four_pointed_star, enter_ziggurat_a, minmay_holes,
          serial_shops, shop, hangedman_tar_grid_catacomb, spider_trap,
          minmay_misc_feat_columns, door_vault
Depths:2: kennysheep_blocky_hall, nrook_mini_vaults, pf_coc_iceberg,
          serial_bayou_shore_b
Depths:3: due_jory_tower, rand_demon_pan_entry_5, hell_entry,
          hangedman_corner_corridor, uniq_frederick, uniq_nikola
Depths:4: minmay_crescents, hell_entry, abyss_entry, serial_shops, shop,
          glass_columns_a
Depths:5: grunt_zot_entry_gee_three, rand_demon_pan_entry_4, serial_shops, shop,
          hell_entry, uniq_margery, uniq_sojobo
